 Dungeon Crawl Stone Soup version 0.28.0 (webtiles) character file.

Game seed: 60154611343920876

675379 eveningcorners the Slayer (level 27, -2/174 HPs)
             Began as a Vine Stalker Venom Mage on Feb 2, 2022.
             Was the Champion of Ashenzari.
             Slain by a hell hound (4 damage)
             ... on level 4 of the Realm of Zot on Feb 4, 2022.
             The game lasted 11:21:55 (79679 turns).

eveningcorners the Slayer (VSVM)                   Turns: 79679, Time: 11:21:56

Health: -2/174     AC: 28    Str: 30      XL:     27
Magic:  0/73       EV: 15    Int: 33 (34) God:    Ashenzari [******]
Gold:   3253       SH: 28    Dex: 15      Spells: 25/80 levels left

rFire   + + +      SeeInvis +   a - +10 dagger "Ensconced With Me" {pain, rF++ Str+6 Stlth+, Self, Bglg} (curse)
rCold   + + +      Faith    .   U - +6 tower shield of the Ruined Disgust {Self, Alch} (curse)
rNeg    + . .      Spirit   +   h - +10 plate armour of the All-seeing Seeker {rF- rC+++ Int+6 Dex-4, Evo, Self} (curse)
rPois   +          Reflect  .   W - +2 hat of Ashenzari's Omission {Int+3, Evo, Fort} (curse)
rElec   .          Harm     .   B - +0 cloak "Share My Liberalism" {Str+3 Dex+4, Alch, Fort} (curse)
rCorr   .          Rampage  +   H - +2 pair of gloves "Astrological Augurer" {+Inv rC+ Will+, Alch, Fort} (curse)
Will    ++++.      Clarity  +   A - +2 pair of boots of Ashenzari's Moon {Elem, Self} (curse)
Stlth   ++........              w - amulet "Gaze Upon Infinity" {RegenMP Rampage Fragile MP+9 Int+8, Elem, Cun} (curse)
HPRegen 1.19/turn               D - ring of Ashenzari's Soothsayer {rPois rN+ MP+9 SInv, Self, Evo} (curse)
MPRegen 0.83/turn               q - ring "Bound Vexation" {rF++ Dex-2 Slay+6 SInv, Alch, Fort} (curse)

@: corroded, hasted, unable to read, very quick
A: fangs 3, regeneration 1, magic shield, antimagic bite, no potion heal 2,
dopey 1, strong 1, inability to read while threatened
0: Orb of Zot
}: 4/15 runes: barnacled, silver, abyssal, gossamer
a: Renounce Religion, Evoke Invisibility, Shatter the Chains


You were on level 4 of the Realm of Zot.
You worshipped Ashenzari.
Ashenzari was exalted by your worship.
You visited 12 branches of the dungeon, and saw 55 of its levels.
You visited the Abyss 2 times.
You visited 2 bazaars.
You also visited: Trove, Ice Cave and Wizlab.

You collected 8889 gold pieces.
You spent 5636 gold pieces at shops.


Innate Abilities, Weirdness & Mutations

You have razor-sharp teeth.
Your natural rate of healing is unusually fast.
When hurt, damage is shared between your health and your magic reserves.
Your bite disrupts and absorbs the magic of your enemies.
Potions cannot restore your health.
You are dopey. (Int -2)
Your muscles are strong. (Str +2)
You sometimes lose the ability to read scrolls when taking damage.


   Skills:
 - Level 21.2(27) Fighting
 + Level 13.8(14.0) Short Blades
 - Level 3.5(9.6) Long Blades
 - Level 1.8 Polearms
 - Level 0.1(1.1) Staves
 - Level 13.8(20.0) Armour
 + Level 13.1(15.7) Dodging
 - Level 17.8(20.2) Stealth
 - Level 15.3(21.4) Shields
 - Level 21.2(27) Spellcasting
 - Level 7.6(10.3) Conjurations
 - Level 8.0 Necromancy
 - Level 10.4(13.0) Translocations
 - Level 6.1(12.0) Transmutations
 - Level 6.1(10.0) Fire Magic
 - Level 11.1(15.0) Air Magic
 - Level 11.1(17.2) Poison Magic
 - Level 17.0(22.0) Evocations


You had 25 spell levels left.
You knew the following spells:

 Your Spells              Type           Power      Damage    Failure   Level
a - Airstrike             Air            48%        N/A       1%          4
b - Blink                 Tloc           100%       N/A       1%          2
c - Conjure Ball Lightni  Conj/Air       45%        3x3d16    3%          6
d - Dispersal             Tloc           46%        N/A       2%          6
e - Eringya's Noxious Bo  Tmut/Pois      48%        N/A       1%          6
g - Passage of Golubria   Tloc           92%        N/A       1%          4
i - Ignite Poison         Fire/Tmut/Pois 92%        N/A       1%          3
l - Lesser Beckoning      Tloc           92%        N/A       1%          3
m - Mephitic Cloud        Conj/Pois/Air  95%        N/A       1%          3
o - Olgreb's Toxic Radia  Pois           100%       N/A       1%          4
p - Poisonous Vapours     Pois/Air       100%       N/A       0%          2
s - Sting                 Tmut/Pois      100%       1d8       0%          1
t - Teleport Other        Tloc           92%        N/A       1%          3
A - Alistair's Intoxicat  Tmut/Pois      64%        N/A       1%          5
S - Swiftness             Air            97%        N/A       1%          3

Your spell library contained the following spells:

 Spells                   Type           Power      Damage    Failure   Level
 Animate Skeleton         Necr           100%       N/A       1%          1
 Magic Dart               Conj           100%       1d8       1%          1
 Pain                     Necr           100%       1d9       1%          1
 Shock                    Conj/Air       100%       1d9       1%          1
 Corpse Rot               Necr/Air       100%       N/A       1%          2
 Scorch                   Fire           100%       2d10      1%          2
 Searing Ray              Conj           100%       2d8       1%          2
 Dazzling Flash           Conj/Hex       100%       N/A       1%          3
 Gell's Gravitas          Tloc           92%        N/A       1%          3
 Vampiric Draining        Necr           77%        2d11      1%          3
 Animate Dead             Necr           38%        N/A       1%          4
 Flame Wave               Conj/Fire      84%        2d15      1%          4
 Iskenderun's Mystic Bla  Conj/Tloc      89%        2d17      1%          4
 Summon Lightning Spire   Summ/Air       76%        N/A       1%          4
 Blade Hands              Tmut           44%        N/A       1%          5
 Fireball                 Conj/Fire      42%        3d17      1%          5
 Irradiate                Conj/Tmut      43%        3d28      1%          5
 Iskenderun's Battlesphe  Conj           85%        2d13      1%          5
 Manifold Assault         Tloc           92%        N/A       1%          5
 Ice Form                 Ice/Tmut       72%        N/A       2%          4
 Petrify                  Tmut/Erth      72%        N/A       2%          4
 Slow                     Hex            100%       N/A       3%          1
 Summon Small Mammal      Summ           100%       N/A       3%          1
 Agony                    Necr           77%        N/A       3%          5
 Excruciating Wounds      Necr           38%        N/A       3%          5
 Freezing Cloud           Conj/Ice/Air   40%        6-21      3%          5
 Fulminant Prism          Conj/Hex       34%        3d16      4%          4
 Silence                  Hex/Air        38%        N/A       4%          5
 Anguish                  Hex/Necr       32%        N/A       7%          4
 Frozen Ramparts          Ice            96%        1d11      9%          3
 Ozocubu's Armour         Ice            48%        N/A       9%          3
 Starburst                Conj/Fire      42%        6d12      9%          6
 Confusing Touch          Hex            46%        N/A       10%         3
 Tukima's Dance           Hex            46%        N/A       10%         3
 Call Canine Familiar     Summ           44%        N/A       11%         3
 Summon Guardian Golem    Hex/Summ       45%        N/A       11%         3
 Storm Form               Tmut/Air       46%        N/A       12%         7
 Borgnjor's Vile Clutch   Necr/Erth      32%        N/A       19%         5
 Dragon Form              Tmut           44%        N/A       22%         7
 Animate Armour           Summ/Erth      92%        N/A       32%         4
 Cause Fear               Hex            23%        N/A       32%         4
 Summon Ice Beast         Ice/Summ       46%        N/A       32%         4
 Statue Form              Tmut/Erth      48%        N/A       41%         6
 Orb of Destruction       Conj           42%        9d12      41%         7
 Maxwell's Capacitive Co  Air            48%        ∞         45%         8
 Iron Shot                Conj/Erth      34%        9d7       52%         6
 Lee's Rapid Deconstruct  Erth           24%        3d14*     63%         5
 Metabolic Englaciation   Hex/Ice        23%        N/A       65%         5
 Simulacrum               Ice/Necr       32%        N/A       69%         6
 Malign Gateway           Summ/Tloc      36%        N/A       91%         7
 Spellforged Servitor     Conj/Summ      34%        N/A       98%         7
 Summon Cactus Giant      Summ           22%        N/A       99%         6
 Haunt                    Necr/Summ      31%        N/A       99%         7
 Ignition                 Fire           42%        3d12      99%         8
 Necromutation            Tmut/Necr      42%        N/A       99%         8
 Enfeeble                 Hex            23%        N/A       100%        7
 Ozocubu's Refrigeration  Ice            24%        4d9       100%        7
 Borgnjor's Revivificati  Necr           38%        N/A       100%        8
 Infestation              Necr           38%        N/A       100%        8
 Lehudib's Crystal Spear  Conj/Erth      34%        10d9      100%        8
 Summon Horrible Things   Summ           22%        N/A       100%        8
 Death's Door             Necr           38%        N/A       100%        9
 Dragon's Call            Summ           22%        N/A       100%        9
 Polar Vortex             Ice            24%        N/A       100%        9

Inventory:

Hand Weapons
 a - the cursed +10 dagger "Ensconced With Me" (weapon) {pain, rF++ Str+6 Stlth+, Self, Bglg}
   (You found it on level 3 of the Dungeon)

   In the hands of one skilled in necromantic magic, it inflicts extra damage on
   living creatures.
   Str:       It affects your strength (+6).
   rF:        It greatly protects you from fire.
   Stlth:     It makes you more stealthy.
   It has a curse which improves the following skills: Introspection: Fighting
   and Spellcasting.
   Beguiling: Conjurations, Hexes and Translocations.
Missiles
 b - 5 boomerangs of dispersal {=f!f}
 E - 7 throwing nets {=f!f}
 J - 6 silver javelins
 T - 5 silver boomerangs
Armour
 h - the cursed +10 plate armour of the All-seeing Seeker (worn) {rF- rC+++ Int+6 Dex-4, Evo, Self}
   (You found it on level 6 of the Dungeon)

   Int:       It affects your intelligence (+6).
   Dex:       It affects your dexterity (-4).
   rF:        It makes you vulnerable to fire.
   rC:        It renders you almost immune to cold.
   It has a curse which improves the following skills: Evocations: Evocations.
   Introspection: Fighting and Spellcasting.
 A - the cursed +2 pair of boots of Ashenzari's Moon (worn) {Elem, Self}
   (You bought it in a shop on level 2 of the Orcish Mines)

   It has a curse which improves the following skills: Elements: Fire Magic, Ice
   Magic, Air Magic and Earth Magic.
   Introspection: Fighting and Spellcasting.
 B - the cursed +0 cloak "Share My Liberalism" (worn) {Str+3 Dex+4, Alch, Fort}
   (You bought it in a shop on level 2 of the Orcish Mines)

   Str:       It affects your strength (+3).
   Dex:       It affects your dexterity (+4).
   It has a curse which improves the following skills: Alchemy: Poison Magic and
   Transmutations.
   Fortitude: Armour and Shields.
 H - the cursed +2 pair of gloves "Astrological Augurer" (worn) {+Inv rC+ Will+, Alch, Fort}
   (You acquired it on level 4 of the Depths)

   rC:        It protects you from cold.
   +Inv:      It lets you turn invisible.
   Will:      It increases your willpower.
   It has a curse which improves the following skills: Alchemy: Poison Magic and
   Transmutations.
   Fortitude: Armour and Shields.
 U - the cursed +6 tower shield of the Ruined Disgust (worn) {Self, Alch}
   (You took it off Mennas on level 4 of the Vaults)

   It has a curse which improves the following skills: Introspection: Fighting
   and Spellcasting.
   Alchemy:   Poison Magic and Transmutations.
 W - the cursed +2 hat of Ashenzari's Omission (worn) {Int+3, Evo, Fort}
   (You took it off Gastronok on level 2 of the Lair of Beasts)

   It has a curse which improves the following skills: Evocations: Evocations.
   Fortitude: Armour and Shields.
Jewellery
 l - an amulet of reflection
   (You found it on level 4 of the Realm of Zot)
 q - the cursed ring "Bound Vexation" (right hand) {rF++ Dex-2 Slay+6 SInv, Alch, Fort}
   (You found it on level 5 of the Lair of Beasts)

   [ring of see invisible]

   Dex:       It affects your dexterity (-2).
   Slay:      It affects your accuracy & damage with ranged weapons and melee
   (+6).
   rF:        It greatly protects you from fire.
   SInv:      It lets you see invisible.
   It has a curse which improves the following skills: Alchemy: Poison Magic and
   Transmutations.
   Fortitude: Armour and Shields.
 w - the cursed amulet "Gaze Upon Infinity" (around neck) {RegenMP Rampage Fragile MP+9 Int+8, Elem, Cun}
   (You took it off an ironbound preserver on level 5 of the Vaults)

   [amulet of magic regeneration]

   It increases your rate of magic regeneration.
   Int:       It affects your intelligence (+8).
   MP:        It affects your magic capacity (+9).
   Fragile:   It will be destroyed if unequipped.
   Rampage:   It bestows one free step when moving towards enemies.
   It has a curse which improves the following skills: Elements: Fire Magic, Ice
   Magic, Air Magic and Earth Magic.
   Cunning:   Dodging and Stealth.
 D - the cursed ring of Ashenzari's Soothsayer (left hand) {rPois rN+ MP+9 SInv, Self, Evo}
   (You found it on level 3 of the Spider Nest)

   [ring of magical power]

   rPois:     It protects you from poison.
   rN:        It protects you from negative energy.
   MP:        It affects your magic capacity (+9).
   SInv:      It lets you see invisible.
   It has a curse which improves the following skills: Introspection: Fighting
   and Spellcasting.
   Evocations: Evocations.
Wands
 c - a wand of paralysis (14)
   (You found it on level 8 of the Dungeon)
 g - a wand of mindburst (25) (quivered)
   (You found it on level 8 of the Dungeon)
 L - a wand of charming (9)
   (You found it on level 6 of the Lair of Beasts)
 X - a wand of iceblast (5)
   (You found it on level 2 of the Lair of Beasts)
 Y - a wand of digging (1)
   (You found it on level 2 of the Lair of Beasts)
Scrolls
 d - 2 scrolls of holy word
 f - 3 scrolls of silence {!r}
 n - 2 scrolls of blinking {!r}
 p - 11 scrolls of fog
 t - 22 scrolls of teleportation {@r4}
 u - 11 scrolls of magic mapping {!r}
 x - a scroll of immolation {!r!r}
 M - 6 scrolls of fear
 R - 7 scrolls of vulnerability {!r!r}
Potions
 e - 9 potions of flight
 k - 25 potions of curing {@q1}
 m - 5 potions of invisibility
 o - a potion of might
 r - 4 potions of magic
 s - 5 potions of resistance
 v - 8 potions of attraction {!q}
 z - 9 potions of brilliance
 C - a potion of ambrosia
 F - 4 potions of haste {@q3}
 G - 8 potions of lignification {!q}
 I - 5 potions of cancellation
 Z - a potion of berserk rage {!q}
Miscellaneous
 i - a phial of floods
   (You found it on level 2 of the Depths)
 j - a phantom mirror (inert)
   (You found it on level 1 of the Shoals)
 K - a lightning rod (4/4)
   (You found it on level 2 of the Depths)
 N - a box of beasts (inert)
   (You found it in a treasure trove)
 P - a condenser vane
   (You found it on level 2 of the Depths)
 Q - a tin of tremorstones (2/2)
   (You found it on level 11 of the Dungeon)

Dungeon Overview and Level Annotations

Branches:
Dungeon (15/15)            Temple (1/1) D:5            Lair (6/6) D:8
 Shoals (4/4) Lair:2       Spider (4/4) Lair:4        Slime (3/5) Lair:6
    Orc (2/2) D:9             Elf (3/3) Orc:2        Vaults (5/5) D:14
  Crypt (3/3) Vaults:2       Tomb (0/3) Crypt:3      Depths (4/4) D:15
    Zot (5/5) Depths:4      IceCv (visited)          WizLab (visited)

Altars:
Ashenzari
Cheibriados
Dithmenos
Elyvilon
Fedhas
Gozag
Hepliaklqana
Kikubaaqudgha
Makhleb
Nemelex Xobeh
Okawaru
Qazlal
Ru
Sif Muna
Trog
Uskayaw
Vehumet
Wu Jian
Xom
Yredelemnul
Zin
The Shining One
Beogh
Jiyva

Shops:
D:5 !   D:7 !   D:8 ?   D:10 (   D:12 *   Orc:2 *[(*:   Elf:1 (   Elf:3 [
Vaults:4 (   Depths:3 [?   Depths:4 ?

Portals:
Hell: Depths:1 Depths:2 Depths:3 Depths:4
Abyss: Depths:1 Depths:3 Depths:4
Pandemonium: Depths:1 Depths:2
Ziggurat: Depths:2

Annotations:
D:10 exclusion: downstairs
D:11 exclusion: oklob plant
Lair:1 1 runed translucent door, GloriousHammer's ghost, novice TrBe
Lair:3 3 runed translucent doors, Feulaj's ghost, journeyman MiBe; Ruicvywi's ghost, journeyman OgTm
Lair:6 1 runed translucent door
Shoals:1 1 runed translucent door, Angmar's ghost, adept DrTm
Spider:1 1 runed translucent door, exclusion: sensed monster (detected), Honosyedgha's ghost, adept GrBe
Spider:2 1 runed translucent door, Lobster4's ghost, adept TrMo
Vaults:3 exclusion: 2 downstairs
Crypt:2 exclusion: downstairs
Crypt:3 Khufu
Depths:2 1 runed translucent door
Depths:3 2 transporters, Lutefisk's ghost, veteran VSBr
Depths:4 5 runed translucent doors
Zot:1 exclusion: orb of fire

##...................<...........
#........!..(..........##.......
#......!........#...#...#.....^.
#####>....###....####.....#..#..
######....###.....###.....#.....
######...#......................
#######...#..........)[..........
#######.###......#.......###..###
#######.###.....@h.......###..###
#######.#######.h1h##....###..##=
####.#...≈##≈###..&...<)...#..##.
###}#.§§§≈#§.###...hh##.##....##.
##..≈§#§≈≈§§#..#....[#...#....##.
#.#≈≈#§}$$§§§...#..[.'.8^##...#..
#.§≈≈$§§$$≈§§#.###...##...#...#.#
.#≈#≈≈$[$≈≈§..#####...#...#######
##.≈≈#≈≈≈≈##?.##...(..##.........


You could see Loleqem, an Executioner (fast) and 5 hell hounds.


Message History

The Executioner hits you but does no damage. x2
Loleqem hits you. Loleqem corrodes you! 😱 HP[-15] MP[-7]
You take 15 damage, and now have 18/174 hp.
You lost 7 mp, and now have 10/73 mp.
You block the Executioner's attack. The Executioner hits you.
You block the Executioner's attack. The hell hound breathes flames at you.
The blast of flame hits you but does no damage.
You resist. 😱 HP[+1] MP[-1]
You lost 1 mp, and now have 9/73 mp.
You block the hell hound's attack. 😱 HP[+1] MP[+1]
There are monsters nearby!
Unknown command.
Unknown command.
Aiming: Dig
Press: ? - help, Shift-Dir - straight line A rock wall.
This square is covered in magical glow.
The rock shatters into small pieces.
You block the Executioner's attack. x2
The Executioner hits you but does no damage.
You block the Executioner's attack. The Executioner misses you.
The Executioner hits you.
* * * LOW HITPOINT WARNING * * *
Loleqem hits you. Loleqem corrodes you! The hell hound misses you.
The Executioner hits you!
* * * LOW HITPOINT WARNING * * *
The Executioner barely misses you. The Executioner hits you.
* * * LOW HITPOINT WARNING * * *
Loleqem barely misses you. 😱 HP[-11] MP[-4]
You take 11 damage, and now have 9/174 hp.
You lost 4 mp, and now have 6/73 mp.
The Executioner hits you!
* * * LOW HITPOINT WARNING * * *
You block the Executioner's attack. x3
The Executioner hits you but does no damage.
You block the Executioner's attack. 😱 HP[-6] MP[-5]
You take 6 damage, and now have 3/174 hp.
You lost 5 mp, and now have 1/73 mp.
You block the Executioner's attack. x3 😱 HP[+1] MP[+1]
The hell hound breathes flames at you. The blast of flame misses you.
There is a stone staircase leading up, spattered with blood here. 😱 HP[+1] MP[+1]
Okay, then.
Unknown command.
Casting: Blink (safe; 1% risk of failure)
Confirm with . or Enter, or press ? or * to list all spells.
You blink.
You can read scrolls again.
The hell hound breathes flames at you.
The blast of flame misses the hell hound.
The blast of flame hits the Executioner.
The Executioner resists.
The blast of flame misses you. 😱 HP[+1] MP[-2]
You lost 2 mp, and now have 1/73 mp.
Casting: Blink (safe; 1% risk of failure)
Confirm with . or Enter, or press ? or * to list all spells.
You don't have enough magic to cast this spell.
You block the Executioner's attack. The Executioner misses you.
The Executioner completely misses you.
The Executioner hits you but does no damage.
You block the Executioner's attack. The Executioner closely misses you.
The hell hound breathes flames at you.
The blast of flame misses the Executioner.
The blast of flame hits you but does no damage.
The hell hound breathes flames at you.
The blast of flame misses you. 😱 HP[+1] MP[+1]
The Executioner hits you but does no damage.
You block the Executioner's attack. x2
The Executioner hits you but does no damage.
You block the Executioner's attack.
The Executioner hits you but does no damage.
The Executioner hits you!
You feel threatened and lose the ability to read scrolls!
* * * LOW HITPOINT WARNING * * *
The Executioner closely misses you. You block the Executioner's attack.
The hell hound breathes flames at you.
The blast of flame hits you but does no damage.
You resist.
There is an escape hatch in the floor here. 😱 HP[-6] MP[-2]
You take 6 damage, and now have 1/174 hp.
You lost 2 mp, and now have 0/73 mp.
Unknown command.
You feel yourself speed up. You block the Executioner's attack.
The Executioner closely misses you. You block the Executioner's attack.
The Executioner hits you but does no damage.
You block the Executioner's attack.
The Executioner hits you but does no damage.
The hell hound breathes flames at you.
The blast of flame hits the hell hound.
The hell hound completely resists.
The blast of flame misses you. The hell hound bites you.
You die...

Skill      XL: |  1  2  3  4  5  6  7  8  9 10 11 12 13 14 15 16 17 18 19 20 21 22 23 24 25 26 27 |
---------------+----------------------------------------------------------------------------------+-----
Stealth        | 3 4 17 | 17.8
Spellcasting   | 3 4 5 6 7 8 9 11 12 13 14 15 17 19 21 | 21.2
Short Blades   | 1 2 3 5 8 9 10 13 | 13.8
Conjurations   | 1 3 4 5 7 |  7.6
Air Magic      | 1 2 3 4 5 11 | 11.1
Fighting       | 1 2 3 4 6 8 9 10 11 13 14 15 16 18 21 | 21.2
Transmutations | 2 3 4 6 |  6.1
Poison Magic   | 4 5 6 7 9 10 11 | 11.1
Armour         | 2 4 5 7 9 10 11 13 | 13.8
Dodging        | 3 4 5 7 8 9 10 13 | 13.1
Translocations | 2 3 4 10 | 10.4
Evocations     | 1 3 4 6 8 9 11 16 17 | 17.0
Fire Magic     | 2 4 5 6 |  6.1
Shields        | 1 6 11 14 15 | 15.3
Necromancy     | 2 4 6 7 8 |  8.0
Polearms       | 1 |  1.8
Long Blades    | 3 |  3.5
Staves         | |  0.1

Action                   |  1- 3 |  4- 6 |  7- 9 | 10-12 | 13-15 | 16-18 | 19-21 | 22-24 | 25-27 || total
-------------------------+-------+-------+-------+-------+-------+-------+-------+-------+-------++-------
Melee: Unarmed           |     2 |       |       |       |       |       |       |       |       ||     2
       Bite              |    10 |    14 |    79 |   250 |   553 |   800 |  1055 |   857 |  2283 ||  5901
       Dagger            |    28 |    61 |   240 |   653 |  1296 |  1646 |  2098 |  1467 |  3712 || 11201
       Whip              |     4 |       |    12 |       |       |       |       |       |       ||    16
       Quarterstaff      |       |    10 |       |       |       |       |       |       |       ||    10
       Punch             |       |       |     4 |    16 |    21 |       |       |       |       ||    41
       Headbutt          |       |       |       |       |       |       |       |       |    26 ||    26
Throw: Boomerang         |       |       |       |     9 |       |       |       |       |     1 ||    10
       Javelin           |       |       |       |       |       |     2 |       |       |       ||     2
 Cast: Sting             |    66 |    43 |    22 |       |       |       |       |       |       ||   131
       Poisonous Vapours |       |     4 |     5 |    37 |    20 |    15 |     1 |       |     9 ||    91
       Mephitic Cloud    |       |       |       |     1 |    14 |     7 |       |       |     1 ||    23
       Ignite Poison     |       |       |       |       |     3 |     2 |       |       |     1 ||     6
       Olgreb's Toxic Ra |       |       |       |       |     1 |       |       |       |    13 ||    14
       Airstrike         |       |       |       |       |       |       |       |     2 |     9 ||    11
       Blink             |       |       |       |       |       |       |       |       |    17 ||    17
       Conjure Ball Ligh |       |       |       |       |       |       |       |       |     1 ||     1
       Passage of Golubr |       |       |       |       |       |       |       |       |     1 ||     1
       Eringya's Noxious |       |       |       |       |       |       |       |       |     1 ||     1
Invok: Curse Item        |       |       |     2 |     4 |     1 |     4 |     2 |     1 |     4 ||    18
       Shatter the Chain |       |       |       |       |     1 |     1 |     2 |       |     4 ||     8
Evoke: Wand              |       |       |     1 |    15 |    21 |    15 |    19 |     2 |    36 ||   109
       Piece from Xom's  |       |       |       |       |     3 |       |       |       |       ||     3
       Phantom mirror    |       |       |       |       |       |     3 |     1 |       |     3 ||     7
       Lightning rod     |       |       |       |       |       |       |       |       |     7 ||     7
       Condenser vane    |       |       |       |       |       |       |       |       |     4 ||     4
       Box of beasts     |       |       |       |       |       |       |       |       |     2 ||     2
       Tin of tremorston |       |       |       |       |       |       |       |       |     5 ||     5
       Phial of floods   |       |       |       |       |       |       |       |       |     1 ||     1
  Use: Scroll            |       |     3 |    10 |     1 |       |     6 |     1 |       |    18 ||    39
       Potion            |       |       |       |     1 |     3 |     6 |     3 |     1 |    27 ||    41
 Stab: Sleeping          |     2 |     3 |       |       |       |       |       |       |     8 ||    13
       Paralysed         |       |       |     1 |       |       |     4 |     2 |       |     2 ||     9
       Confused          |       |       |       |       |     7 |     4 |       |       |       ||    11
       Invisible         |       |       |       |       |       |       |     5 |       |     1 ||     6
       Petrifying        |       |       |       |       |       |       |       |       |     1 ||     1
       Distracted        |       |       |       |       |       |       |       |       |     7 ||     7
Armor: Robe              |    13 |    38 |    13 |       |       |       |       |       |       ||    64
       Plate armour      |       |       |   130 |   309 |   760 |   765 |   757 |   430 |  1109 ||  4260
       Skin              |       |       |       |       |       |    15 |       |       |       ||    15
Dodge: Dodged            |    16 |    62 |    70 |   153 |   345 |   315 |   447 |   269 |   749 ||  2426
Block: Tower shield      |       |       |       |       |   130 |  1332 |  1715 |   925 |  3013 ||  7115
       Buckler           |       |       |       |       |    26 |     5 |       |       |       ||    31
       Reflection        |       |       |       |       |       |       |       |       |    34 ||    34

Levels and vault maps discovered:
D:1:      dpeg_chamrin_arrival_tetris, layout_basic, st_stairs_11,
          minmay_3d_cube
D:2:      layout_basic, shapermc_ecumenical_altar_mp_vishouse,
          minmay_misc_feat_roman, minmay_crystal_water,
          kennysheep_generic_room_9
D:3:      layout_rooms, uniq_natasha
D:4:      layout_loops_ring, uniq_sigmund
D:5:      layout_cave_pools, nicolae_uskayaw_murder_on_the_dancefloor,
          minmay_temple_entry_trees, hangedman_abyss_or_decor_stabs,
          minmay_misc_feat_room, minmay_shop_grid_forest, minmay_fountain_box,
          nicolae_grassy_gnolls, uniq_ijyb, uniq_menkaure
D:6:      layout_basic, chequers_serial_rivers_micro_e, uniq_grinder
D:7:      layout_loops_ring, nicolae_kikubaaqudgha_miasma_corner, serial_shops,
          nicolae_shop_hallway_stairs, grunt_ministairs_7, uniq_duvessa
D:8:      layout_loops_ring, david_lair_shrubbed, serial_shops,
          nicolae_shop_behind_doors, serial_bayou_pond_e,
          minmay_increasing_density
D:9:      layout_loops_ring, nicolae_sif_muna_little_library,
          kennysheep_mini_moat, orc_0_dummy, uniq_joseph
D:10:     layout_cave_pools, doesnt_shop_hydraphobe
D:11:     layout_small_grid, tgw_fedhas, uniq_josephine
D:12:     layout_basic, serial_shops, shop, kennysheep_dice, uniq_azrael
D:13:     layout_rooms, enter_trove_2, uniq_urug
D:14:     nzn_winding_woodlands_stair_cross [nzn_winding_woodlands_5x15_zeroes,
          nzn_winding_woodlands_center_triple_pond,
          nzn_winding_woodlands_5x15_crooked, nzn_winding_woodlands_5x5_three,
          nzn_winding_woodlands_5x5_cross, nzn_winding_woodlands_5x15_sawtooth,
          nzn_winding_woodlands_center_diamonds,
          nzn_winding_woodlands_5x15_lazy_stream], layout_stronghold,
          grunt_vaults_entry_fortified, nzn_wu_jian_contemplation,
          grunt_qazlal_sundering
D:15:     gammafunk_depths_entry_grave, layout_basic, minmay_stone_trees_small
Temple:   compressed_dpeg_circular_temple
Lair:1:   layout_loops_ring, gammafunk_ghost_grave, patterned_corridor
Lair:2:   layout_concentric_octagons, elwin_shoals_entry_stream, uniq_gastronok
Lair:3:   layout_chaotic_city, gammafunk_ghost_cemetery, nzn_random_ring
Lair:4:   layout_hall_layers, spider_nest_entry_rubble, st_stairs_4,
          lemuel_fruit_fields
Lair:5:   layout_cave_shapes, lemuel_fruit_tree
Lair:6:   hangedman_lair_caniforms_friends, layout_cave_shapes, wormcave,
          slime_altar_1, basic_altar, uniq_kirke
Shoals:1: layout_shoals, ebering_ghost_reflecting_pool, uniq_louise
Shoals:2: dreamdust_from_the_deep, layout_shoals, serial_shops, shop,
          nicolae_shoals_cliffside_cave, uniq_frances, uniq_polyphemus
Shoals:3: layout_shoals, serial_shops, bzr_entry_lakeside, nzn_prometheus_bound
Shoals:4: shoals_end_hellmonk_lost_city
Spider:1: layout_spider_delve, ebering_ghost_xom, uniq_mlioglotl, uniq_jorgrun
Spider:2: layout_spider_delve, portal_ice_cave_entry_pillars_three,
          ebering_ghost_xom
Spider:3: layout_spider_delve, gammafunk_ghost_grave, nicolae_spider_spiderdrome
Spider:4: guppyfry_spider_rune
Slime:1:  layout_caves
Slime:2:  layout_caves
Slime:3:  layout_caves
Orc:1:    layout_diamond_mine, uniq_nergalle, uniq_maurice
Orc:2:    grunt_orc_cross, layout_diamond_mine, serial_shops, shop, uniq_rupert
Elf:1:    eino_elf_arrival_sip, layout_onion_city, serial_shops,
          nicolae_shop_crystal, minivault_28
Elf:2:    nicolae_elf_blades_crystal_corner, layout_onion_city
Elf:3:    minmay_elf_hall_statues, layout_geoelf_grid, serial_shops,
          nicolae_lakefront_shop
Vaults:1: minmay_guarded_unrand_guard_vaults, vaults_room_hallway, v_misc_3,
          vaults_room_stairs_pillars, hangedman_vaults_nodes, vaults_room_fours,
          nicolae_vaults_three_branches, vaults_room_pools,
          nicolae_vaults_little_squares_1, ontoclasm_vaults_twist,
          layout_vaults_ring, serial_shops, bzr_entry_islet
Vaults:2: minmay_crypt_entry_simple_box, hangedman_vaults_variations,
          vaults_room_door_hall, hangedman_vaults_snaps, hangedman_vaults_locks,
          hangedman_vaults_capsules, nicolae_vaults_specimen_jars,
          nicolae_vaults_little_squares_1, nicolae_vaults_rhombus_5,
          vaults_standard_mumra_enter_the_diamond, vaults_dpeg_ring,
          layout_vaults_omnigrid, serial_shops, bzr_firewalk, uniq_boris,
          uniq_sojobo, uniq_aizul
Vaults:3: infiniplex_enter_wizlab_glasses, nicolae_vaults_gold_heap,
          serial_ice_g, ontoclasm_vaults_ring_small,
          nicolae_vaults_windows_and_doors_thing, hangedman_vaults_stream,
          v_misc_31, vaults_mumra_minichess, layout_vaults_chaotic_city,
          uniq_asterion
Vaults:4: nicolae_vaults_network_quincunx
          [nicolae_vaults_network_quincunx_subvault,
          nicolae_vaults_network_quincunx_subvault,
          nicolae_vaults_network_quincunx_subvault,
          nicolae_vaults_network_quincunx_subvault,
          nicolae_vaults_network_quincunx_subvault], hangedman_vaults_unwind,
          hangedman_vaults_nails, vaults_room_fours, st_octagons_2,
          vaults_room_pool, hangedman_vaults_slice, v_pattern_2,
          vaults_room_hallway, nicolae_vaults_shelves_hall,
          layout_vaults_omnibox, serial_shops, shop_fountains, uniq_frederick,
          uniq_mara, uniq_bai_suzhen
Vaults:5: uniq_mennas
Crypt:1:  layout_misc_corridors
Crypt:2:  layout_catacombs, uniq_xtahua
Crypt:3:  lightli_unholy_cathedral, layout_chaotic_city,
          tomb_entry_forgotten_bobbens, grunt_ministairs_9, uniq_khufu
Depths:1: layout_roguey, kennysheep_boxes, abyss_entry,
          grunt_hell_entry_dis_grunt, rand_demon_pan_entry_4, lightli_minifort
Depths:2: minmay_the_grid_ultimate [minmay_the_grid_prize_four_corners,
          minmay_the_grid_prize_shrinking_boxes,
          minmay_the_grid_prize_trominoes, minmay_the_grid_prize_big_room,
          minmay_the_grid_square_5x5_fat_x, minmay_the_grid_square_5x5_percent,
          minmay_the_grid_square_5x5_tri_point,
          minmay_the_grid_square_5x5_minivault,
          minmay_the_grid_square_5x5_gyroscope, minmay_the_grid_square_5x5_n,
          minmay_the_grid_square_5x5_inner_z,
          minmay_the_grid_square_5x5_shrine2,
          minmay_the_grid_square_5x5_sharp_hourglass,
          minmay_the_grid_square_5x5_mess,
          minmay_the_grid_square_5x5_broken_cross, minmay_the_grid_square_5x5_z,
          minmay_the_grid_square_5x5_minimal, minmay_the_grid_square_5x5_comb,
          minmay_the_grid_square_5x5_checkered,
          minmay_the_grid_triangle_9x9_steps,
          minmay_the_grid_triangle_9x9_minimal,
          minmay_the_grid_triangle_9x9_pentomino_pain,
          minmay_the_grid_triangle_9x9_semitri,
          minmay_the_grid_triangle_9x9_flanged_cone,
          minmay_the_grid_triangle_9x9_sparse_checkered,
          minmay_the_grid_triangle_9x9_sprig,
          minmay_the_grid_triangle_9x9_intruding_spiral,
          minmay_the_grid_triangle_9x9_longest,
          minmay_the_grid_triangle_9x9_limited_checkers,
          minmay_the_grid_triangle_9x9_cache,
          minmay_the_grid_triangle_9x9_subtriangle,
          minmay_the_grid_triangle_9x9_descending_squares,
          minmay_the_grid_triangle_9x9_dagger,
          minmay_the_grid_triangle_9x9_stretched_checkered,
          minmay_the_grid_triangle_9x9_wacky_v, minmay_the_grid_square_5x5_tie,
          minmay_the_grid_octo_tetromino_candy, minmay_the_grid_octo_concentric,
          minmay_the_grid_octo_fat_diamond, minmay_the_grid_octo_focus,
          minmay_the_grid_octo_vomiting_pacman, minmay_the_grid_octo_shrine,
          minmay_the_grid_octo_clover, minmay_the_grid_octo_empty,
          minmay_the_grid_diamond_grid, minmay_the_grid_pillar_ring,
          minmay_the_grid_plusring, minmay_the_grid_x], hell_entry, pan_entry
Depths:3: grunt_arcs, layout_cave_pools, tso_metal_star, hell_entry,
          abyss_entry, gammafunk_ghost_smash, serial_shops, nicolae_shop_crystal
Depths:4: evilmike_zot_entry_castle, layout_small_grid, hell_entry,
          minmay_room_of_horrors, serial_shops, nicolae_shop_statue_plus,
          nicolae_shop_trees, basic_altar, serial_bayou_shore_b
Zot:1:    layout_concentric_octagons
Zot:2:    layout_misc_corridors, st_stairs_7
Zot:3:    layout_concentric_octagons
Zot:4:    layout_misc_corridors, st_large_dragon_hoard_1, grunt_megastairs_4
Zot:5:    layout_cathedral_of_symmetry, skrybe_zot_glass_2

Notes
Turn   | Place    | Note
-------+----------+-------------------------------------------
     0 | D:1      | eveningcorners the Vine Stalker Venom Mage began the quest
                  | for the Orb.
     0 | D:1      | Reached XP level 1. HP: 9/9 MP: 4/4
     0 | D:1      | magus.rc [v1.11.2]
     3 | D:1      | magus.rc [v1.11.2]
    31 | D:1      | magus.rc [v1.11.2]
   129 | D:1      | Reached skill level 3 in Stealth
   390 | D:1      | Reached XP level 2. HP: 13/13 MP: 4/6
   413 | D:1      | Learned a level 2 spell: Poisonous Vapours
  1278 | D:1      | magus.rc [v1.11.2]
  1388 | D:1      | Reached skill level 4 in Stealth
  1716 | D:2      | Reached XP level 3. HP: 16/16 MP: 4/7
  1899 | D:2      | magus.rc [v1.11.2]
  1919 | D:2      | Reached skill level 3 in Spellcasting
  2030 | D:2      | Found a faded altar of an unknown god.
  2033 | D:2      | Prayed at the altar of an unknown god.
  2033 | D:2      | Became a worshipper of Ru the Awakened
  2161 | D:2      | Learned a level 3 spell: Mephitic Cloud
  3013 | D:3      | Gained mutation: Your natural rate of healing is unusually
                  | fast. [Vine Stalker growth]
  3013 | D:3      | Reached XP level 4. HP: 15/21 MP: 2/10
  3097 | D:3      | Identified the +5 quarterstaff of the Revolution {vorpal,
                  | Str+4}
  3247 | D:3      | Identified the +10 dagger "Weteluh" {pain, rF++ Str+6
                  | Stlth+}
  3255 | D:3      | Learned a level 4 spell: Olgreb's Toxic Radiance
  3274 | D:3      | You fall into a shaft and drop 3 floors!
  3292 | D:6      | Noticed an ice beast
  3310 | D:5      | Entered Level 5 of the Dungeon
  3316 | D:5      | Noticed Menkaure
  3341 | D:5      | Reached XP level 5. HP: 19/24 MP: 3/11
  3345 | D:5      | Reached skill level 1 in Short Blades
  3345 | D:5      | Reached skill level 4 in Spellcasting
  3350 | D:5      | Noticed Ijyb
  3359 | D:5      | Paralysed by Ijyb for 4 turns
  3365 | D:5      | Found a hide-covered altar of Uskayaw.
  3369 | D:5      | Paralysed by Ijyb for 3 turns
  3460 | D:5      | Reached skill level 1 in Conjurations
  3460 | D:5      | Reached skill level 1 in Air Magic
  3550 | D:5      | Reached XP level 6. HP: 29/29 MP: 10/13
  3559 | D:5      | Reached skill level 1 in Fighting
  3748 | D:4      | Noticed Sigmund
  3792 | D:3      | Reached skill level 2 in Short Blades
  3840 | D:3      | Noticed Natasha
  3850 | D:3      | Killed Natasha
  3930 | D:3      | Noticed Natasha
  3938 | D:3      | Killed Natasha
  4024 | D:3      | Reached skill level 2 in Transmutations
  4209 | D:4      | Reached XP level 7. HP: 30/33 MP: 5/15
  4837 | D:5      | magus.rc [v1.11.2]
  4837 | D:5      | magus.rc [v1.11.2]
  4885 | D:5      | Found Juuxzif's Distillery.
  4885 | D:5      | Identified the +10 whip of Dishonesty {holy, *Rage rElec
                  | Will+ Str+3}
  4898 | D:5      | Killed Menkaure
  4899 | D:5      | Reached skill level 2 in Fighting
  4899 | D:5      | Reached skill level 5 in Spellcasting
  4899 | D:5      | Reached skill level 4 in Poison Magic
  4952 | D:5      | Reached skill level 2 in Air Magic
  5025 | D:5      | Found a staircase to the Ecumenical Temple.
  5034 | Temple   | Entered the Ecumenical Temple
  5157 | Temple   | Fell from the grace of Ru
  5157 | Temple   | Became a worshipper of Ashenzari the Shackled
  5238 | D:5      | Killed Ijyb
  5404 | D:5      | Identified the +3 plate armour "Anuy" {rF+}
  5530 | D:5      | Reached skill level 3 in Short Blades
  5530 | D:5      | Gained mutation: You have razor-sharp teeth. [Vine Stalker
                  | growth]
  5530 | D:5      | Reached XP level 8. HP: 39/39 MP: 5/16
  5709 | D:6      | Identified the +10 plate armour of the Trees {rF- rC+++
                  | Int+6 Dex-4}
  5738 | D:5      | magus.rc [v1.11.2]
  5854 | D:6      | Reached skill level 3 in Fighting
  5902 | D:6      | Reached skill level 4 in Short Blades
  5902 | D:6      | Reached skill level 1 in Armour
  6057 | D:6      | Noticed Grinder
  6093 | D:6      | Killed Grinder
  6094 | D:6      | Reached skill level 5 in Short Blades
  6094 | D:6      | Reached skill level 2 in Armour
  6222 | D:6      | magus.rc [v1.11.2]
  6313 | D:7      | Found Ydduer's Distillery.
  6318 | D:7      | Bought a potion of haste for 100 gold pieces
  6318 | D:7      | Bought a potion of might for 40 gold pieces
  6318 | D:7      | Bought a potion of lignification for 30 gold pieces
  6449 | D:7      | Reached XP level 9. HP: 44/44 MP: 17/17
  6462 | D:7      | Reached skill level 6 in Short Blades
  6462 | D:7      | Reached skill level 3 in Armour
  6462 | D:7      | Reached skill level 2 in Dodging
  6557 | D:7      | Noticed Duvessa
  6570 | D:7      | Killed Duvessa
  6577 | D:7      | Noticed Dowan
  6585 | D:7      | Killed Dowan
  6630 | D:7      | Found an ancient bone altar of Kikubaaqudgha.
  7004 | D:7      | Reached * piety under Ashenzari
  7377 | D:8      | Found Foqol's Magic Scroll Emporium.
  7380 | D:8      | Bought a scroll of teleportation for 33 gold pieces
  7380 | D:8      | Bought a scroll of fear for 38 gold pieces
  7380 | D:8      | Bought a scroll of teleportation for 33 gold pieces
  7612 | D:8      | Reached skill level 7 in Short Blades
  7612 | D:8      | Reached skill level 3 in Dodging
  7613 | D:8      | Noticed a hornet
  7614 | D:8      | HP: 10/45 [poisoned by a water moccasin]
  7664 | D:8      | Found a staircase to the Lair.
  7664 | D:8      | Noticed a komodo dragon
  7671 | D:8      | Reached skill level 4 in Armour
  7682 | D:8      | Killed a komodo dragon
  7846 | D:8      | Killed a hornet
  7847 | D:8      | Reached skill level 8 in Short Blades
  7847 | D:8      | Reached XP level 10. HP: 49/49 MP: 20/20
  7992 | D:8      | Reached ** piety under Ashenzari
  8304 | D:9      | Noticed a cyclops
  8459 | D:9      | Identified the +7 rapier of the Walnut {protect, rF++ rN+
                  | MP-9 SInv}
  8480 | D:9      | Noticed Joseph
  8497 | D:9      | Killed Joseph
  8498 | D:9      | Reached skill level 5 in Armour
  8519 | D:9      | Found a shimmering blue altar of Sif Muna.
  8519 | D:9      | Identified Sif Muna's Grimoire of Combat Magic
  8519 | D:9      | Identified Sif Muna's Collected Works on the Rocks
  8519 | D:9      | Identified Sif Muna's Catalogue of Darkness
  8539 | D:9      | Found a staircase to the Orcish Mines.
  8721 | D:9      | Reached skill level 9 in Short Blades
  8793 | D:9      | Found an ornate altar of the Wu Jian Council.
  9123 | D:10     | Entered Level 10 of the Dungeon
  9161 | D:10     | Noticed a two-headed ogre
  9202 | Orc:1    | Entered Level 1 of the Orcish Mines
  9202 | Orc:1    | Noticed Nergalle
  9209 | Orc:1    | Noticed an orc knight
  9380 | D:10     | Learned a level 2 spell: Blink
  9387 | D:10     | Found Kuaxoffo's Hydra Hut.
  9391 | D:10     | Noticed a four-headed hydra
  9454 | D:10     | Reached *** piety under Ashenzari
  9496 | D:10     | Reached skill level 4 in Fighting
  9496 | D:10     | Reached skill level 1 in Translocations
  9595 | D:10     | Killed a two-headed ogre
  9596 | D:10     | Reached skill level 6 in Spellcasting
  9596 | D:10     | Reached skill level 2 in Translocations
  9596 | D:10     | Reached skill level 1 in Evocations
  9795 | D:11     | Noticed Josephine
  9795 | D:11     | Noticed a two-headed ogre
  9817 | D:11     | Noticed a six-headed hydra
  9848 | D:11     | Noticed an unseen horror
  9864 | D:11     | Killed an unseen horror
  9865 | D:11     | Reached XP level 11. HP: 55/58 MP: 24/24
 10008 | D:11     | Reached skill level 2 in Evocations
 10123 | D:11     | Reached skill level 5 in Fighting
 10242 | D:11     | Killed a two-headed ogre
 10516 | Lair:1   | Entered Level 1 of the Lair of Beasts
 10599 | Lair:1   | Reached skill level 6 in Armour
 10599 | Lair:1   | Reached skill level 3 in Evocations
 10633 | Lair:1   | Reached skill level 7 in Spellcasting
 10803 | Lair:1   | Reached skill level 5 in Poison Magic
 11018 | Lair:1   | Found a runed translucent door.
 11018 | Lair:1   | Noticed GloriousHammer's ghost (novice TrBe)
 11046 | Lair:1   | Reached skill level 3 in Air Magic
 11504 | Lair:2   | Reached skill level 6 in Fighting
 11662 | Lair:2   | Noticed Gastronok
 11719 | Lair:2   | Killed Gastronok
 11720 | Lair:2   | Reached skill level 7 in Armour
 11720 | Lair:2   | Reached XP level 12. HP: 66/66 MP: 27/27
 11788 | Lair:1   | Reached skill level 7 in Fighting
 11856 | Lair:2   | Noticed a catoblepas
 11881 | Lair:2   | Killed a catoblepas
 11882 | Lair:2   | Reached skill level 2 in Conjurations
 12066 | Lair:2   | Reached **** piety under Ashenzari
 12221 | Lair:2   | Found a staircase to the Shoals.
 12507 | Lair:3   | Reached skill level 4 in Evocations
 12596 | Lair:3   | Noticed a five-headed hydra
 12610 | Lair:3   | Killed a five-headed hydra
 12657 | Lair:3   | Learned a level 3 spell: Lesser Beckoning
 12734 | Lair:3   | Reached skill level 4 in Dodging
 12734 | Lair:3   | Reached skill level 3 in Conjurations
 12785 | Lair:3   | Learned a level 3 spell: Ignite Poison
 12831 | Lair:3   | Identified the amulet of Zidetog {Faith Dex+4}
 12837 | Lair:3   | Found a runed translucent gate.
 12837 | Lair:3   | Found a runed translucent gate.
 12837 | Lair:3   | Found a runed translucent gate.
 12837 | Lair:3   | Noticed Ruicvywi's ghost (journeyman OgTm)
 12838 | Lair:3   | Noticed Feulaj's ghost (journeyman MiBe)
 12894 | Lair:3   | Reached skill level 8 in Spellcasting
 12922 | Lair:3   | Reached skill level 1 in Fire Magic
 13040 | Lair:3   | Noticed a death yak
 13102 | Lair:3   | Killed a death yak
 13136 | Lair:3   | Noticed a death yak
 13136 | Lair:3   | Noticed a death yak
 13197 | Lair:3   | Killed a death yak
 13198 | Lair:3   | Reached skill level 8 in Fighting
 13198 | Lair:3   | Reached skill level 2 in Fire Magic
 13207 | Lair:3   | Killed a death yak
 13208 | Lair:3   | Reached XP level 13. HP: 75/75 MP: 30/30
 13303 | Lair:3   | Reached skill level 5 in Evocations
 13466 | Lair:3   | magus.rc [v1.11.2]
 13793 | Lair:4   | Reached skill level 5 in Dodging
 13857 | Lair:3   | Reached skill level 4 in Conjurations
 13900 | Lair:3   | Reached skill level 4 in Air Magic
 14157 | Lair:4   | Reached skill level 9 in Spellcasting
 14305 | Lair:4   | Reached skill level 3 in Fire Magic
 14305 | Lair:4   | Found a hole to the Spider Nest.
 14372 | Lair:4   | Reached skill level 6 in Evocations
 14990 | Lair:5   | Reached skill level 9 in Fighting
 15111 | Lair:5   | Identified the ring of the Lion {rF++ Dex-2 Slay+6 SInv}
 15144 | Lair:5   | Reached skill level 4 in Fire Magic
 15773 | Lair:6   | Entered Level 6 of the Lair of Beasts
 15829 | Lair:6   | Reached XP level 14. HP: 72/82 MP: 32/32
 15872 | Lair:6   | Found a hide-covered altar of Uskayaw.
 15888 | Lair:6   | Reached skill level 8 in Armour
 15888 | Lair:6   | Reached skill level 3 in Transmutations
 15897 | Lair:6   | Found a viscous altar of Jiyva.
 15897 | Lair:6   | Found a staircase to the Slime Pits.
 15928 | Lair:6   | Noticed Kirke
 15946 | Lair:6   | Killed Kirke
 16075 | Lair:5   | Reached skill level 10 in Spellcasting
 16075 | Lair:5   | Reached skill level 7 in Evocations
 16105 | Lair:5   | Reached skill level 6 in Poison Magic
 16298 | Lair:6   | Found a runed translucent door.
 16813 | Lair:6   | Reached skill level 10 in Fighting
 17245 | Lair:6   | Paralysed by a hornet for 1 turns
 17255 | Lair:6   | Reached skill level 8 in Evocations
 17496 | Shoals:1 | Entered Level 1 of the Shoals
 17511 | Shoals:1 | Reached skill level 9 in Armour
 17570 | Shoals:1 | Identified the amulet "Fyotep" {RegenMP +Inv Str+3 Stlth-}
 17633 | Shoals:1 | Reached skill level 11 in Spellcasting
 17719 | Shoals:1 | Found a runed translucent door.
 17750 | Shoals:1 | Noticed Louise
 17769 | Shoals:1 | Killed Louise
 17959 | Shoals:1 | Noticed Angmar's ghost (adept DrTm)
 18191 | Shoals:2 | Reached skill level 1 in Shields
 18211 | Shoals:2 | Noticed a kraken
 18348 | Shoals:2 | Noticed Polyphemus
 18528 | D:9      | Killed Nergalle
 18529 | D:9      | Reached XP level 15. HP: 76/87 MP: 35/35
 18533 | D:9      | Reached skill level 2 in Shields
 18761 | D:4      | Killed Sigmund
 19210 | D:11     | Killed Josephine
 19232 | D:11     | Reached skill level 11 in Fighting
 19315 | D:11     | Reached skill level 3 in Shields
 19371 | D:11     | Found a blossoming altar of Fedhas.
 19661 | D:12     | Found Fipinyr's General Store.
 20082 | D:12     | Noticed Azrael
 20108 | D:12     | Reached skill level 4 in Shields
 20146 | D:12     | Killed Azrael
 20592 | D:13     | Reached skill level 5 in Shields
 20683 | D:13     | Noticed Urug
 20692 | D:13     | Killed Urug
 20694 | D:13     | a +1 eveningstar {rare}; a +0 scale mail; the orc corpse of
                  | Urug
 20881 | D:13     | Found a portal to a secret trove of treasure.
 20894 | D:13     | This trove requires the presence of the abyssal rune of Zot
                  | to function. Show it the item?
 21200 | D:13     | Reached skill level 6 in Shields
 21390 | D:14     | Identified Ewasm's Almanac of Idealism
 21586 | D:14     | Reached skill level 10 in Armour
 21745 | D:14     | Found a stormy altar of Qazlal.
 21820 | D:14     | Reached skill level 3 in Translocations
 21861 | D:14     | Reached skill level 1 in Necromancy
 22032 | D:14     | Found an ornate altar of the Wu Jian Council.
 22266 | D:14     | Reached skill level 5 in Conjurations
 22266 | D:14     | Reached skill level 4 in Transmutations
 22271 | D:14     | Reached skill level 2 in Necromancy
 22271 | D:14     | Reached XP level 16. HP: 70/95 MP: 36/36
 22334 | D:14     | Found a gate to the Vaults.
 22504 | D:14     | Reached skill level 5 in Fire Magic
 22841 | Orc:1    | Noticed Maurice
 22846 | Orc:1    | Reached skill level 7 in Shields
 22861 | Orc:1    | Killed Maurice
 22948 | Orc:2    | Entered Level 2 of the Orcish Mines
 22950 | Orc:2    | Found a staircase to the Elven Halls.
 23250 | Orc:1    | Reached ***** piety under Ashenzari
 23422 | Orc:2    | Found Ostrivid's Assorted Antiques.
 23433 | Orc:2    | Found Gituadar's Antique Armour Shoppe.
 23434 | Orc:2    | Bought a pair of glowing boots for 240 gold pieces
 23484 | Orc:2    | Found Vyerar's Antique Weapon Shoppe.
 23558 | Orc:2    | Reached skill level 3 in Necromancy
 23569 | Orc:2    | Reached skill level 4 in Translocations
 23604 | Orc:2    | Reached skill level 7 in Poison Magic
 23618 | Orc:2    | Noticed Blork the orc
 23646 | Orc:2    | Killed Blork the orc
 23818 | Orc:2    | Found Wolyatosch's Book Shoppe.
 23946 | Orc:2    | Found Joke's General Store.
 24360 | Orc:2    | Noticed Rupert
 24370 | Orc:2    | Killed Rupert
 24546 | Orc:2    | Bought a manual of Shields for 1440 gold pieces
 24767 | Spider:1 | Entered Level 1 of the Spider Nest
 24869 | Spider:1 | HP: 33/136 [redback[a torpor snail] (5)]
 24875 | Spider:1 | HP: 27/136 [jumping spider[a torpor snail] (2)]
 24910 | Spider:1 | Identified the cursed +0 cloak of the Profound Fallacy
                  | {Elem, Self} (You found it on level 9 of the Dungeon)
 24910 | Spider:1 | Identified the cursed +0 helmet "Tethered Henotheism"
                  | {Bglg, Cun} (You found it on level 4 of the Dungeon)
 24910 | Spider:1 | Identified the cursed +0 pair of gloves of Toth-Mos's
                  | Legacy {Melee, Self} (You found it on level 1 of the Lair
                  | of Beasts)
 24910 | Spider:1 | Identified the cursed +2 pair of boots of Ashenzari's Moon
                  | {Elem, Self} (You bought it in a shop on level 2 of the
                  | Orcish Mines)
 24982 | Spider:1 | Found a runed translucent door.
 24982 | Spider:1 | Found a shimmering altar of Xom.
 24982 | Spider:1 | Noticed Honosyedgha's ghost (adept GrBe)
 25001 | Spider:1 | HP: 24/100 [meliai/divine providence (7)]
 25296 | Shoals:2 | Reached skill level 8 in Shields
 25336 | Shoals:2 | Reached skill level 4 in Necromancy
 25342 | Shoals:2 | Found Nifedaynea's Distillery.
 25363 | Shoals:3 | Found a gateway to a bazaar.
 25388 | Bazaar   | Entered a bazaar
 25388 | Bazaar   | Found Pentav Rixe's Jewellery Emporium.
 25388 | Bazaar   | Found Duvitaudir's Book Shoppe.
 25388 | Bazaar   | Found Unueraos's Distillery.
 25388 | Bazaar   | Found Jullek's Antique Armour Emporium.
 25388 | Bazaar   | Found Oppufara's Assorted Antiques.
 25388 | Bazaar   | Found Bynaqi's Distillery.
 25430 | Bazaar   | Bought a potion of curing for 30 gold pieces
 25430 | Bazaar   | Bought a potion of curing for 30 gold pieces
 25430 | Bazaar   | Bought 2 potions of might for 80 gold pieces
 25430 | Bazaar   | Bought a potion of might for 40 gold pieces
 25438 | Bazaar   | Bought a potion of might for 44 gold pieces
 25438 | Bazaar   | magus.rc [v1.11.2]
 25741 | Shoals:3 | Reached skill level 9 in Shields
 26118 | Shoals:3 | Reached skill level 10 in Shields
 26142 | Shoals:3 | Reached skill level 12 in Spellcasting
 26378 | Shoals:4 | Entered Level 4 of the Shoals
 26642 | Shoals:4 | Reached skill level 11 in Shields
 26651 | Shoals:4 | Reached XP level 17. HP: 97/105 MP: 40/40
 26775 | Shoals:4 | Reached skill level 12 in Shields
 26856 | Shoals:4 | Noticed a sphinx
 26856 | Shoals:4 | Noticed a sphinx
 26856 | Shoals:4 | Paralysed by a sphinx for 7 turns
 26909 | Shoals:3 | Paralysed by a sphinx for 4 turns
 26914 | Shoals:3 | Killed a sphinx
 26930 | Shoals:4 | Reached skill level 6 in Dodging
 26941 | Shoals:3 | Killed a sphinx
 26942 | Shoals:3 | Reached skill level 9 in Evocations
 27031 | Shoals:4 | Got a barnacled rune of Zot
 27400 | D:8      | magus.rc [v1.11.2]
 27549 | Vaults:1 | Entered Level 1 of the Vaults
 27550 | Vaults:1 | magus.rc [v1.11.2]
 27597 | Vaults:1 | Found a flickering gateway to a bazaar.
 27659 | Vaults:1 | Reached skill level 7 in Dodging
 27839 | Vaults:1 | Reached skill level 13 in Shields
 28083 | D:14     | Reached skill level 14 in Shields
 28156 | Vaults:1 | Found the +8 glaive of the Guard {elec, spectral, AC+5}
 28159 | Vaults:1 | Reached ****** piety under Ashenzari
 28197 | Vaults:1 | Reached skill level 1 in Polearms
 28378 | Vaults:1 | Reached XP level 18. HP: 108/112 MP: 42/42
 28433 | Bazaar   | Entered a bazaar
 28445 | Bazaar   | Found Weger's Antique Armour Emporium.
 28445 | Bazaar   | Found Niwaogh's Weapon Shoppe.
 28481 | Bazaar   | Found Wapli's Magic Scroll Emporium.
 28481 | Bazaar   | Found Perusuuh's Distillery.
 28502 | Bazaar   | Found Wecophan's Antique Armour Shoppe.
 28541 | Bazaar   | Bought a scroll of blinking for 82 gold pieces
 28547 | Bazaar   | Bought 2 potions of curing for 96 gold pieces
 28547 | Bazaar   | Bought a potion of curing for 48 gold pieces
 28602 | Vaults:1 | Identified the +1 leather armour of the Game of Life {rC++
                  | rN+++ Will+ Slay-5}
 28700 | Vaults:1 | Reached skill level 8 in Poison Magic
 28843 | Vaults:1 | Identified the +2 hand axe "Kuisu" {venom, rCorr Str+2 SInv
                  | Stlth-}
 29382 | Vaults:1 | Reached skill level 9 in Poison Magic
 29609 | Vaults:2 | Reached skill level 13 in Spellcasting
 29787 | Vaults:2 | Noticed Boris
 30620 | Spider:1 | Reached skill level 12 in Fighting
 30634 | Spider:1 | Identified the +3 dagger of Eternal Vigilance {vorpal,
                  | Int+5}
 31182 | Spider:1 | magus.rc [v1.11.2]
 31559 | Spider:2 | Found a frozen archway.
 31642 | IceCv    | Entered an ice cave
 31650 | IceCv    | Reached skill level 13 in Fighting
 31997 | IceCv    | Noticed an Ice Fiend
 32251 | Spider:2 | Found a shimmering altar of Xom.
 32251 | Spider:2 | Noticed Lobster4's ghost (adept TrMo)
 32286 | Spider:2 | Reached skill level 8 in Dodging
 32288 | Spider:2 | Reached XP level 19. HP: 116/118 MP: 44/44
 32796 | Spider:2 | Found a runed translucent door.
 32796 | Spider:2 | Identified Okhiopn's Compendium of Unholy Arts
 33136 | Spider:2 | Reached skill level 9 in Dodging
 33743 | D:9      | Reached skill level 10 in Evocations
 33925 | Orc:2    | Bought a masterwork cloak for 361 gold pieces
 33925 | Orc:2    | Identified the +0 cloak "Unoabbuw" {Str+3 Dex+4} (You
                  | bought it in a shop on level 2 of the Orcish Mines)
 34352 | Spider:3 | Found a runed translucent door.
 34355 | Spider:3 | Noticed Anuqaetage's ghost (adept HOFi)
 34355 | Spider:3 | Identified the ring of Wayladih {rPois rN+ MP+9 SInv}
 34409 | Spider:3 | Killed Anuqaetage's ghost
 34927 | Spider:4 | Entered Level 4 of the Spider Nest
 34969 | Spider:3 | Reached skill level 11 in Evocations
 35552 | Spider:4 | Reached skill level 14 in Spellcasting
 35647 | Spider:3 | Reached skill level 14 in Fighting
 36176 | Spider:4 | Got a gossamer rune of Zot
 36177 | Spider:4 | magus.rc [v1.11.2]
 36754 | D:15     | Entered Level 15 of the Dungeon
 36815 | D:15     | Found a staircase to the Depths.
 37423 | Depths:1 | Entered Level 1 of the Depths
 37600 | Elf:1    | Entered Level 1 of the Elven Halls
 37635 | Elf:1    | Reached XP level 20. HP: 115/124 MP: 45/45
 37661 | Elf:1    | Reached skill level 12 in Evocations
 38225 | Elf:1    | Found Etuacela's Antique Weapon Shop.
 38264 | Elf:1    | Reached skill level 13 in Evocations
 38821 | Elf:2    | Paralysed by an air elemental for 1 turns
 39482 | Elf:2    | Reached skill level 14 in Evocations
 39548 | Elf:2    | Found a runed translucent gate.
 39548 | Elf:2    | Found a runed translucent gate.
 39548 | Elf:2    | Found a runed translucent gate.
 40213 | Elf:2    | P - a +2 quick blade of electrocution {rare}
 40790 | Elf:3    | Entered Level 3 of the Elven Halls
 40838 | Elf:3    | Found Toiblof's Antique Armour Boutique.
 40928 | Elf:3    | Reached skill level 15 in Evocations
 42298 | Vaults:2 | Reached skill level 16 in Evocations
 42303 | Vaults:2 | Reached XP level 21. HP: 129/129 MP: 46/46
 42467 | Vaults:2 | Killed Boris
 42494 | Vaults:2 | Found a staircase to the Crypt.
 42916 | Vaults:2 | Upgraded the game from 0.28-b1-25-g9875b3fc8c to
                  | 0.28-b1-70-g80dc712255
 42916 | Vaults:2 | magus.rc [v1.11.2]
 42916 | Vaults:2 | magus.rc [v1.11.2]
 43178 | Vaults:2 | Noticed Aizul
 43198 | Vaults:2 | Killed Aizul
 43426 | Vaults:2 | magus.rc [v1.11.2]
 43528 | Vaults:2 | Reached skill level 10 in Poison Magic
 43539 | Vaults:2 | Reached skill level 5 in Necromancy
 44236 | Vaults:2 | Noticed Sojobo
 44253 | Vaults:2 | Paralysed by an air elemental for 1 turns
 44256 | Vaults:2 | Reached skill level 6 in Necromancy
 44260 | Vaults:2 | Paralysed by an air elemental for 1 turns
 44284 | Vaults:2 | Paralysed by an air elemental for 1 turns
 44292 | Vaults:2 | Paralysed by an air elemental for 1 turns
 44295 | Vaults:2 | Paralysed by an air elemental for 1 turns
 44299 | Vaults:2 | Paralysed by an air elemental for 1 turns
 44305 | Vaults:2 | Paralysed by an air elemental for 1 turns
 44586 | Vaults:2 | Paralysed by an air elemental for 1 turns
 44588 | Vaults:2 | Paralysed by an air elemental for 1 turns
 44593 | Vaults:2 | Paralysed by an air elemental for 1 turns
 44602 | Vaults:2 | Paralysed by an air elemental for 1 turns
 44607 | Vaults:2 | Killed Sojobo
 44747 | Vaults:3 | Noticed Asterion
 44760 | Vaults:3 | Killed Asterion
 44761 | Vaults:3 | Reached skill level 15 in Spellcasting
 44818 | Vaults:3 | Found a magical portal.
 44838 | WizLab   | Entered Borgnjor's Mausoleum
 44905 | WizLab   | Reached skill level 15 in Fighting
 45489 | WizLab   | Identified the Almanac of Sinister Rituals
 45491 | WizLab   | Identified Borgnjor's Tome of Black Rituals
 45931 | Vaults:3 | Reached XP level 22. HP: 137/137 MP: 49/49
 46585 | Vaults:3 | Reached skill level 10 in Dodging
 46900 | Vaults:3 | Reached skill level 5 in Transmutations
 46907 | Vaults:3 | Reached skill level 5 in Air Magic
 47274 | Vaults:4 | Identified the +1 chain mail of Qazlal's Favour {Regen+
                  | Str+5}
 47347 | Vaults:4 | Noticed Bai Suzhen
 47359 | Vaults:3 | Reached skill level 6 in Conjurations
 47392 | Vaults:4 | Killed Bai Suzhen
 47465 | Vaults:4 | Reached skill level 11 in Poison Magic
 47623 | Vaults:4 | Found Retas's Antique Weapon Shoppe.
 47779 | Vaults:4 | Noticed Mara
 48622 | Depths:1 | Found a one-way gate leading to the halls of Pandemonium.
 48770 | Depths:1 | Reached skill level 6 in Transmutations
 48803 | Depths:1 | Reached skill level 7 in Conjurations
 48803 | Depths:1 | Reached skill level 6 in Fire Magic
 48908 | Depths:1 | Found a one-way gate to the infinite horrors of the Abyss.
 49079 | Depths:1 | Reached skill level 17 in Evocations
 49137 | Depths:1 | Found a gateway to Hell.
 49403 | Depths:2 | Found a sacrificial altar of Ru.
 49451 | Depths:2 | Reached skill level 7 in Necromancy
 49451 | Depths:2 | Reached XP level 23. HP: 89/142 MP: 50/50
 49578 | Depths:2 | Learned a level 4 spell: Airstrike
 49749 | Depths:2 | Learned a level 3 spell: Swiftness
 49754 | Depths:2 | Learned a level 4 spell: Passage of Golubria
 49780 | Depths:2 | Identified the +9 quarterstaff of Dishonesty {venom, Drain
                  | rF+ Dex+4}
 49849 | Depths:2 | Reached skill level 8 in Necromancy
 49855 | Depths:2 | Reached skill level 6 in Air Magic
 49958 | Depths:2 | Reached skill level 7 in Air Magic
 50084 | Depths:2 | Reached skill level 8 in Air Magic
 50120 | Depths:2 | You drop a +2 quick blade of electrocution {rare}.
 50340 | Depths:2 | Reached skill level 9 in Air Magic
 50471 | Depths:2 | Reached skill level 10 in Air Magic
 50547 | Depths:2 | Found a one-way gateway to a ziggurat.
 50554 | Depths:2 | Reached skill level 16 in Spellcasting
 50757 | Depths:2 | Noticed a juggernaut
 50792 | Depths:2 | Killed a juggernaut
 51036 | Depths:2 | Identified Ereshkigal's Incunabulum of Evil Rites
 51036 | Depths:2 | Identified the +9 plate armour "Jeivyos" {Harm rElec rN+++
                  | Str-4}
 51286 | Depths:2 | Found a stormy altar of Qazlal.
 51288 | Depths:2 | Found a blossoming altar of Fedhas.
 51288 | Depths:2 | Found a burning altar of Makhleb.
 51310 | Depths:2 | Reached skill level 11 in Air Magic
 51448 | Depths:2 | Found a runed translucent door.
 51655 | Depths:2 | Noticed a juggernaut
 51661 | Depths:2 | Reached skill level 17 in Spellcasting
 51662 | Depths:2 | Noticed a golden dragon
 51698 | Depths:2 | Killed a juggernaut
 51699 | Depths:2 | Reached skill level 16 in Fighting
 51699 | Depths:2 | Reached XP level 24. HP: 132/149 MP: 52/52
 51709 | Depths:2 | Identified +0 gold dragon scales
 51711 | Depths:2 | +0 gold dragon scales {rare}; a golden dragon corpse
 51711 | Depths:2 | V - +0 gold dragon scales {rare}
 51714 | Depths:2 | You drop +0 gold dragon scales {rare}.
 51986 | Depths:3 | magus.rc [v1.11.2]
 51989 | Depths:3 | Found a transporter.
 51991 | Depths:3 | Identified the ring of Sepot {rF++ Str+4 Int+6}
 51992 | Depths:3 | Found a transporter.
 51992 | Depths:3 | Noticed Lutefisk's ghost (veteran VSBr)
 51996 | Depths:3 | Identified the +9 great mace "Ceumoixt" {flame, rPois rC+}
 52184 | Depths:3 | Identified a potion of experience
 52215 | Depths:3 | Reached XP level 25. HP: 156/156 MP: 52/52
 52227 | Depths:3 | Found a glowing golden altar of the Shining One.
 52267 | Depths:3 | Found Jelap's Antique Armour Shop.
 52384 | Depths:3 | Reached skill level 17 in Fighting
 52513 | Depths:3 | Identified the +3 trident of the Tundras {venom, Fragile
                  | rPois Int+3}
 52684 | Depths:4 | Entered Level 4 of the Depths
 52797 | Depths:4 | Found Lynkol's Magic Scroll Shoppe.
 52807 | Depths:3 | Identified +0 gold dragon scales
 52836 | Depths:3 | +0 gold dragon scales {rare}; a golden dragon corpse
 52838 | Depths:4 | Noticed a juggernaut
 52889 | Depths:3 | +0 gold dragon scales {rare}; a golden dragon corpse
 52986 | Depths:3 | Killed a juggernaut
 52987 | Depths:3 | Reached skill level 18 in Spellcasting
 53198 | Depths:4 | Found Amizion's Book Emporium.
 53291 | Depths:4 | Identified a scroll of acquirement
 53645 | Depths:4 | Found a sacrificial altar of Ru.
 53941 | Depths:4 | Identified +0 gold dragon scales
 53947 | Depths:4 | Identified +0 gold dragon scales
 53949 | Depths:4 | +0 gold dragon scales {rare}; a golden dragon corpse
 53974 | Depths:4 | Found a runed translucent door.
 53979 | Depths:4 | Found a runed translucent door.
 54158 | Depths:4 | Found a runed translucent door.
 54189 | Depths:4 | Acquired the +2 pair of gloves "Geididu" {+Inv rC+ Will+}
 54219 | Depths:4 | Found a runed translucent door.
 54224 | Depths:4 | Found a runed translucent door.
 54226 | Depths:4 | Found a runed translucent door.
 54246 | Depths:4 | Reached skill level 18 in Fighting
 54417 | Depths:4 | Identified +0 gold dragon scales
 54419 | Depths:4 | +0 gold dragon scales {rare}; a golden dragon corpse
 54433 | Depths:4 | +0 gold dragon scales {rare}; a golden dragon corpse
 54458 | Depths:4 | Found a gate to the Realm of Zot.
 54995 | Depths:4 | Voluntarily entered the Abyss.
 55103 | Abyss:4  | Found a corrupted altar of Lugonu.
 55166 | Abyss:4  | Gained mutation: Armour fits poorly on your strangely
                  | shaped body. [a neqoxec]
 55333 | Abyss:4  | Paralysed by you for 5 turns
 55619 | Depths:4 | You pass through the gate.
 55619 | Depths:4 | Escaped the Abyss
 55765 | Depths:4 | Lost mutation: Armour fits poorly on your strangely shaped
                  | body. [potion of mutation]
 55765 | Depths:4 | Gained mutation: You sometimes lose the ability to read
                  | scrolls when taking damage. [potion of mutation]
 55765 | Depths:4 | Gained mutation: You have large cloven feet. [potion of
                  | mutation]
 55766 | Depths:4 | Lost mutation: You have large cloven feet. [potion of
                  | mutation]
 55766 | Depths:4 | Lost mutation: You sometimes lose the ability to read
                  | scrolls when taking damage. [potion of mutation]
 55766 | Depths:4 | Gained mutation: You are resistant to electric shocks.
                  | (rElec) [potion of mutation]
 55766 | Depths:4 | Gained mutation: Your spells are a little easier to cast,
                  | but a little less powerful. [potion of mutation]
 56034 | D:5      | Bought a potion of mutation for 104 gold pieces
 56497 | Vaults:4 | Reached skill level 19 in Spellcasting
 56512 | Vaults:4 | Noticed eveningcorners's illusion
 56545 | Vaults:4 | Killed Mara
 56561 | Vaults:4 | Reached skill level 11 in Armour
 56748 | Vaults:4 | Noticed Frederick
 56884 | Vaults:4 | Killed Frederick
 57015 | Vaults:4 | Reached XP level 26. HP: 160/160 MP: 52/52
 57989 | Elf:3    | Identified the +9 quarterstaff of the Hated {vamp, Will+}
 57999 | Elf:3    | a deep elf zephyrmancer comes into view. It is wielding the
                  | +7 Singing Sword {vorpal, sonic wave}.
 57999 | Elf:3    | Identified the +9 morningstar "Rixolluz" {flame, rF+ Will+}
 57999 | Elf:3    | Identified the +1 robe of Hoizuoss {Will++ Str-3 SInv}
 57999 | Elf:3    | Identified a ring of the Queen {Will+ Dex+6 Stlth+}
 58001 | Elf:3    | Here: a deep elf zephyrmancer, wielding the +7 Singing
                  | Sword {vorpal, sonic wave} and wearing a +0 ring mail
                  | (wandering, hasn't noticed you)
 58005 | Elf:3    | a deep elf master archer comes into view. It is wearing the
                  | ring of Shadows {Umbra +Inv Stlth+}.
 58046 | Elf:3    | Reached skill level 1 in Long Blades
 58094 | Elf:3    | HP: 32/161 [deep elf master archer/arrow (14)]
 58334 | Elf:3    | Reached skill level 2 in Long Blades
 58497 | Elf:3    | Reached skill level 3 in Long Blades
 59126 | Crypt:1  | Entered Level 1 of the Crypt
 59165 | Crypt:1  | Reached skill level 5 in Stealth
 59233 | Crypt:1  | Reached skill level 6 in Stealth
 59279 | Crypt:1  | Reached skill level 7 in Stealth
 59304 | Crypt:1  | Reached skill level 8 in Stealth
 59415 | Crypt:1  | Reached skill level 9 in Stealth
 59521 | Crypt:1  | Reached skill level 10 in Stealth
 59646 | Crypt:1  | Reached skill level 11 in Stealth
 59725 | Crypt:1  | Reached skill level 12 in Stealth
 59797 | Crypt:1  | Reached skill level 13 in Stealth
 60327 | Crypt:2  | Noticed a curse skull
 60345 | Crypt:2  | Killed a curse skull
 60346 | Crypt:2  | Reached skill level 14 in Stealth
 60484 | Crypt:2  | Noticed Xtahua
 60497 | Crypt:1  | Killed Xtahua
 60574 | Crypt:2  | Reached skill level 15 in Stealth
 60681 | Crypt:2  | magus.rc [v1.11.2]
 60684 | Crypt:3  | Entered Level 3 of the Crypt
 60684 | Crypt:3  | Noticed Khufu
 60684 | Crypt:3  | Noticed a royal mummy
 60684 | Crypt:3  | Noticed a royal mummy
 60773 | Crypt:3  | Noticed a curse skull
 60798 | Crypt:3  | Killed a curse skull
 60915 | Crypt:3  | Reached skill level 16 in Stealth
 60935 | Crypt:3  | Noticed a curse skull
 60980 | Crypt:3  | Killed a curse skull
 62019 | Slime:1  | Entered Level 1 of the Pits of Slime
 62026 | Slime:1  | Reached skill level 17 in Stealth
 62486 | Vaults:4 | magus.rc [v1.11.2]
 62492 | Vaults:5 | Entered Level 5 of the Vaults
 62502 | Vaults:5 | Reached skill level 10 in Short Blades
 62520 | Vaults:5 | Reached XP level 27. HP: 121/168 MP: 53/53
 62683 | Vaults:4 | +0 shadow dragon scales {rare}; a shadow dragon corpse
 62699 | Vaults:5 | Noticed Mennas
 62704 | Vaults:4 | Reached skill level 12 in Armour
 62705 | Vaults:4 | +0 shadow dragon scales {rare}; a very ugly thing corpse; a
                  | shadow dragon corpse
 62937 | Depths:1 | Voluntarily entered the Abyss.
 62951 | Abyss:1  | Found a snail-covered altar of Cheibriados.
 63065 | Abyss:4  | Found an opulent altar of Gozag.
 63065 | Abyss:4  | Found a blossoming altar of Fedhas.
 63065 | Abyss:4  | Found a snail-covered altar of Cheibriados.
 63071 | Abyss:4  | Found a shadowy altar of Dithmenos.
 63071 | Abyss:4  | Found a basalt altar of Yredelemnul.
 63073 | Abyss:4  | Found a shimmering altar of Xom.
 63076 | Abyss:4  | Found a bloodstained altar of Trog.
 63077 | Abyss:4  | Found a burning altar of Makhleb.
 63079 | Abyss:4  | Found a broken altar of Ashenzari.
 63079 | Abyss:4  | Found a stormy altar of Qazlal.
 63081 | Abyss:4  | Found an iron altar of Okawaru.
 63084 | Abyss:4  | Found an ornate altar of the Wu Jian Council.
 63139 | Abyss:4  | Found a snail-covered altar of Cheibriados.
 63139 | Abyss:4  | Found a shimmering altar of Xom.
 63197 | Abyss:4  | Found an opulent altar of Gozag.
 63197 | Abyss:4  | Found a snail-covered altar of Cheibriados.
 63202 | Abyss:4  | Found a snail-covered altar of Cheibriados.
 63202 | Abyss:4  | Found a radiant altar of Vehumet.
 63204 | Abyss:4  | Found a glowing golden altar of the Shining One.
 63208 | Abyss:4  | Found a glowing silver altar of Zin.
 63210 | Abyss:4  | Found a shimmering blue altar of Sif Muna.
 63210 | Abyss:4  | Found an ancient bone altar of Kikubaaqudgha.
 63212 | Abyss:4  | Found a hazy altar of Hepliaklqana.
 63330 | Abyss:4  | Reached skill level 19 in Fighting
 63330 | Abyss:4  | Got an abyssal rune of Zot
 63350 | Depths:1 | You pass through the gate.
 63350 | Depths:1 | Escaped the Abyss
 63547 | D:13     | This trove requires the presence of the abyssal rune of Zot
                  | to function. Show it the item?
 63547 | D:13     | You showed the abyssal rune of Zot to enter a treasure
                  | trove
 63548 | Trove    | Entered a treasure trove
 63550 | Trove    | Identified the +9 rapier "Loopy" {drain, rF+ Dex+2}
 63552 | Trove    | Identified the ring "Bodon" {rF+ rC+ Str+2}
 63812 | Zot:1    | Entered Level 1 of the Realm of Zot
 63880 | Zot:1    | Identified +0 gold dragon scales
 63882 | Zot:1    | +0 gold dragon scales {rare}; a golden dragon corpse
 63936 | Zot:1    | Reached skill level 11 in Short Blades
 64220 | Zot:1    | Reached skill level 20 in Fighting
 64298 | Zot:1    | Noticed an orb of fire
 64774 | Zot:2    | magus.rc [v1.11.2]
 64921 | Zot:3    | Identified +0 gold dragon scales
 64930 | Zot:3    | HP: 41/171 [black draconian knight/bolt of lightning (8)]
 64934 | Zot:2    | HP: 20/171 [yellow draconian annihilator/bolt of lightning
                  | (3)]
 65991 | Zot:2    | magus.rc [v1.11.2]
 66775 | Zot:3    | Reached skill level 20 in Spellcasting
 67127 | Zot:3    | quicksilver dragon scales {rare}; a quicksilver dragon
                  | corpse
 67363 | Zot:4    | Noticed a curse toe
 68050 | Zot:4    | quicksilver dragon scales {rare}; a quicksilver dragon
                  | corpse
 68179 | Zot:4    | Killed a curse toe
 68475 | Zot:1    | Reached skill level 21 in Fighting
 69012 | Zot:4    | magus.rc [v1.11.2]
 69365 | Vaults:5 | Identified the +10 trident of Gallantry {flame, +Blink
                  | Int+3}
 69409 | Vaults:4 | Killed Mennas
 69761 | Elf:3    | Bought a heavily runed chain mail for 389 gold pieces
 69761 | Elf:3    | Identified the +0 chain mail of Sif Muna {Rampage *Slow
                  | rElec MP+9} (You bought it in a shop on level 3 of the
                  | Elven Halls)
 69762 | Elf:3    | Bought a steaming leather armour for 287 gold pieces
 69762 | Elf:3    | Identified the +2 leather armour "Hoga" {rN+ Slay+3} (You
                  | bought it in a shop on level 3 of the Elven Halls)
 69903 | Orc:2    | Bought a smoking scale mail for 342 gold pieces
 69903 | Orc:2    | Identified the +4 scale mail "Dughok" {rPois rN+ rCorr
                  | MP+9} (You bought it in a shop on level 2 of the Orcish
                  | Mines)
 69903 | Orc:2    | Bought a silken robe for 216 gold pieces
 69903 | Orc:2    | Identified the +1 robe of Lelaonge {rN+} (You bought it in
                  | a shop on level 2 of the Orcish Mines)
 69913 | Orc:2    | Learned a level 6 spell: Eringya's Noxious Bog
 69919 | Orc:2    | Learned a level 5 spell: Alistair's Intoxication
 69926 | Orc:2    | Learned a level 6 spell: Conjure Ball Lightning
 69946 | Orc:2    | Bought a potion of curing for 42 gold pieces
 69995 | Orc:2    | Bought a scroll of teleportation for 96 gold pieces
 69995 | Orc:2    | Bought a potion of resistance for 320 gold pieces
 70114 | D:8      | Bought a scroll of enchant weapon for 82 gold pieces
 70114 | D:8      | Bought a scroll of fog for 22 gold pieces
 70174 | D:7      | Bought a potion of curing for 30 gold pieces
 70174 | D:7      | Bought a potion of invisibility for 80 gold pieces
 70174 | D:7      | Bought 2 potions of magic for 160 gold pieces
 70174 | D:7      | Bought a potion of invisibility for 80 gold pieces
 70174 | D:7      | Bought a potion of flight for 30 gold pieces
 70174 | D:7      | Bought a potion of brilliance for 40 gold pieces
 70315 | D:12     | Bought a scroll of teleportation for 51 gold pieces
 70315 | D:12     | Bought a scroll of teleportation for 51 gold pieces
 70432 | D:5      | Bought a potion of cancellation for 104 gold pieces
 70432 | D:5      | Bought a potion of brilliance for 52 gold pieces
 70652 | Depths:4 | Bought a scroll of magic mapping for 73 gold pieces
 70652 | Depths:4 | Bought a scroll of enchant armour for 157 gold pieces
 70652 | Depths:4 | Bought a scroll of teleportation for 63 gold pieces
 71002 | Vaults:4 | a +0 dire flail; a +0 great mace; +0 shadow dragon scales
                  | {rare}
 71026 | Vaults:5 | Reached skill level 11 in Dodging
 71026 | Vaults:5 | Noticed a dread lich
 71083 | Vaults:5 | Identified +0 gold dragon scales
 71083 | Vaults:5 | HP: 41/174 [constriction (4)]
 71084 | Vaults:5 | HP: 19/174 [Ice Fiend/bolt of cold[a dread lich] (2)]
 71103 | Vaults:5 | HP: 16/170 [hellion/damnation[a dread lich] (16)]
 71112 | Vaults:5 | Identified the +1 war axe of Kindness {protect, Drain rPois
                  | Stlth+}
 71316 | Vaults:5 | Learned a level 3 spell: Teleport Other
 71323 | Vaults:5 | Learned a level 6 spell: Dispersal
 71421 | Vaults:5 | Reached skill level 21 in Spellcasting
 71559 | Vaults:5 | Identified the ring of Kaezu {rF+ Dex+2}
 71779 | Vaults:5 | Reached skill level 5 in Translocations
 71787 | Vaults:5 | Identified the ring of Hepliaklqana's Grace {rF+ Will+
                  | Int+3 Dex+2 Slay-6}
 72013 | Vaults:5 | Identified the +3 pair of gloves of Pathos {Fly rElec rPois
                  | Int+3}
 72267 | Vaults:5 | Identified the amulet "Men Fuat" {RegenMP Rampage Fragile
                  | MP+9 Int+8}
 72305 | Vaults:5 | Reached skill level 6 in Translocations
 72341 | Vaults:5 | Identified the +6 halberd of Tenacity {vorpal, rF+ Int+4
                  | Dex+4}
 72399 | Vaults:5 | Reached skill level 7 in Translocations
 72468 | Vaults:5 | Killed a dread lich
 72510 | Vaults:5 | Got a silver rune of Zot
 72583 | Vaults:5 | Reached skill level 8 in Translocations
 73254 | Zot:5    | Entered Level 5 of the Realm of Zot
 73810 | Zot:5    | Noticed a dread lich
 73887 | Zot:5    | Noticed an ancient lich
 74337 | Crypt:3  | Found a staircase to the Tomb.
 75328 | Shoals:2 | Killed Polyphemus
 75329 | Shoals:2 | Reached skill level 15 in Shields
 75387 | Shoals:2 | Noticed Frances
 75396 | Shoals:2 | Killed Frances
 75517 | Shoals:2 | Reached skill level 9 in Translocations
 75729 | Shoals:2 | Identified the ring "Vasib" {rC+ MP+9}
 75729 | Shoals:2 | Identified the Grimoire of Mad Ravings
 75906 | Shoals:2 | Reached skill level 13 in Armour
 76142 | Shoals:4 | Identified the +2 robe "Docri" {rF+ Will- Regen+}
 76556 | Slime:2  | Reached skill level 10 in Translocations
 77784 | Zot:5    | Noticed a dread lich
 77784 | Zot:5    | Noticed an electric golem
 77784 | Zot:5    | Noticed a dread lich
 77784 | Zot:5    | Noticed an orb of fire
 77794 | Zot:5    | Killed a dread lich
 77795 | Zot:5    | Reached skill level 12 in Short Blades
 77926 | Zot:5    | Gained mutation: You are dopey. (Int -2) [an orb of fire]
 77946 | Zot:5    | Gained mutation: You are frail. (-10% HP) [an orb of fire]
 77964 | Zot:5    | Killed an orb of fire
 78023 | Zot:5    | Killed a dread lich
 78068 | Zot:5    | Killed a dread lich
 78230 | Zot:5    | Noticed an ancient lich
 78232 | Zot:5    | Noticed an electric golem
 78238 | Zot:5    | Noticed an orb of fire
 78239 | Zot:5    | Noticed an orb of fire
 78242 | Zot:5    | Noticed an ancient lich
 78248 | Zot:5    | Noticed an ancient lich
 78258 | Zot:5    | Killed an ancient lich
 78259 | Zot:5    | Reached skill level 12 in Dodging
 78288 | Zot:5    | Killed an orb of fire
 78296 | Zot:5    | Gained mutation: You have hidden genetic defects. [an orb
                  | of fire]
 78304 | Zot:5    | Killed an orb of fire
 78311 | Zot:5    | Noticed an orb of fire
 78316 | Zot:5    | Killed an ancient lich
 78327 | Zot:5    | Killed an electric golem
 78400 | Zot:5    | Lost mutation: Your spells are a little easier to cast, but
                  | a little less powerful. [potion of mutation]
 78400 | Zot:5    | Lost mutation: You are dopey. (Int -2) [potion of mutation]
 78400 | Zot:5    | Lost mutation: You are frail. (-10% HP) [potion of
                  | mutation]
 78400 | Zot:5    | Gained mutation: You are partially covered in iridescent
                  | scales. (AC +2) [potion of mutation]
 78400 | Zot:5    | Gained mutation: You are frail. (-10% HP) [potion of
                  | mutation]
 78400 | Zot:5    | Gained mutation: You have a pair of small horns on your
                  | head. [potion of mutation]
 78401 | Zot:5    | Lost mutation: You are partially covered in iridescent
                  | scales. (AC +2) [potion of mutation]
 78401 | Zot:5    | Lost mutation: You are resistant to electric shocks.
                  | (rElec) [potion of mutation]
 78401 | Zot:5    | Gained mutation: You have sharp fingernails. [potion of
                  | mutation]
 78401 | Zot:5    | Gained mutation: Your mind is acute. (Int +2) [potion of
                  | mutation]
 78647 | Zot:5    | Killed an ancient lich
 78648 | Zot:5    | Reached skill level 13 in Short Blades
 78840 | Zot:5    | Gained mutation: You sometimes lose the ability to read
                  | scrolls when taking damage. [hidden defects]
 78844 | Zot:5    | Lost mutation: You have hidden genetic defects. [potion of
                  | mutation]
 78844 | Zot:5    | Lost mutation: You are frail. (-10% HP) [potion of
                  | mutation]
 78844 | Zot:5    | Lost mutation: You have a pair of small horns on your head.
                  | [potion of mutation]
 78844 | Zot:5    | Gained mutation: You are resistant to electric shocks.
                  | (rElec) [potion of mutation]
 78844 | Zot:5    | Gained mutation: Armour fits poorly on your strangely
                  | shaped body. [potion of mutation]
 78845 | Zot:5    | Lost mutation: Your mind is acute. (Int +2) [potion of
                  | mutation]
 78845 | Zot:5    | Lost mutation: You sometimes lose the ability to read
                  | scrolls when taking damage. [potion of mutation]
 78845 | Zot:5    | Lost mutation: You are resistant to electric shocks.
                  | (rElec) [potion of mutation]
 78845 | Zot:5    | Gained mutation: You are frail. (-10% HP) [potion of
                  | mutation]
 78845 | Zot:5    | Gained mutation: You are dopey. (Int -2) [potion of
                  | mutation]
 78845 | Zot:5    | Gained mutation: You have large cloven feet. [potion of
                  | mutation]
 78893 | Zot:5    | Upgraded the game from 0.28-b1-70-g80dc712255 to 0.28.0
 78893 | Zot:5    | magus.rc [v1.11.2]
 78917 | Zot:5    | Killed an electric golem
 79026 | Zot:5    | Killed an ancient lich
 79027 | Zot:5    | Reached skill level 13 in Dodging
 79453 | Zot:5    | Got the Orb of Zot
 79497 | Zot:5    | Noticed Ragen the pandemonium lord
 79497 | Zot:5    | Gained mutation: You sometimes lose the ability to read
                  | scrolls when taking damage. [an orb of fire]
 79530 | Zot:5    | Noticed Cogoffes the pandemonium lord
 79532 | Zot:5    | Gained mutation: You are very dopey. (Int -4) [a cacodemon]
 79537 | Zot:5    | HP: 34/156 [???[Cogoffes] (10)]
 79543 | Zot:5    | HP: 30/156 [Cogoffes the pandemonium lord (1)]
 79546 | Zot:5    | Gained mutation: You expend magic power (3 MP) to
                  | strengthen your wands. [a cacodemon]
 79554 | Zot:5    | Killed Cogoffes the pandemonium lord
 79555 | Zot:5    | Lost mutation: Armour fits poorly on your strangely shaped
                  | body. [potion of mutation]
 79555 | Zot:5    | Lost mutation: You are frail. (-10% HP) [potion of
                  | mutation]
 79555 | Zot:5    | Lost mutation: You expend magic power (3 MP) to strengthen
                  | your wands. [potion of mutation]
 79555 | Zot:5    | Lost mutation: You have large cloven feet. [potion of
                  | mutation]
 79571 | Zot:5    | Lost mutation: You have sharp fingernails. [potion of
                  | mutation]
 79571 | Zot:5    | Lost mutation: You are very dopey. (Int -4) [potion of
                  | mutation]
 79571 | Zot:5    | Gained mutation: Your muscles are strong. (Str +2) [potion
                  | of mutation]
 79595 | Zot:5    | Noticed Loleqem the pandemonium lord
 79634 | Zot:5    | HP: 42/174 [Executioner[Loleqem] (3)]
 79649 | Zot:4    | HP: 21/174 [Loleqem the pandemonium lord (22)]
 79654 | Zot:4    | HP: 23/174 [Executioner[Loleqem] (4)]
 79664 | Zot:4    | HP: 31/174 [Executioner[Loleqem] (1)]
 79669 | Zot:4    | HP: 29/174 [Loleqem the pandemonium lord (5)]
 79672 | Zot:4    | HP: 13/174 [Executioner[Loleqem] (6)]
 79673 | Zot:4    | HP: 3/174 [Executioner[Loleqem] (8)]
 79678 | Zot:4    | HP: 1/174 [Executioner[Loleqem] (8)]
 79679 | Zot:4    | Slain by a hell hound

Vanquished Creatures
  3 orbs of fire (Zot:5)
  4 ancient liches (Zot:5)
  3 dread liches
  Mara (Vaults:4)
  Mennas (Vaults:4)
  3 juggernauts
  Sojobo (Vaults:2)
  Boris (Vaults:2)
  2 Killer Klowns (Zot:5)
  Frederick (Vaults:4)
  Bai Suzhen (Vaults:4)
  A curse toe (Zot:4)
  Xtahua (Crypt:1)
  12 golden dragons
  A pandemonium lord (Zot:5)
  A shard shrike zombie (Abyss:4)
  2 electric golems (Zot:5)
  3 walking divine tomes
  Rupert (Orc:2)
  14 tentacled monstrosities
  25 Orb Guardians (Zot:5)
  7 titans
  2 walking earthen tomes (Depths:2)
  2 deep elf blademasters
  7 liches
  4 deep elf master archers (Elf:3)
  Asterion (Vaults:3)
  5 acid blobs
  8 quicksilver dragons
  An Executioner (Abyss:2)
  14 sphinxes
  Gastronok (Lair:2)
  6 ancient champions
  11 death cobs
  Polyphemus (Shoals:2)
  5 tentacled starspawn
  A kraken (Shoals:2)
  Frances (Shoals:2)
  14 tengu reavers
  The ghost of Anuqaetage the Severer, an adept HOFi of Beogh (Spider:3)
  Kirke (Lair:6)
  3 rockslimes (Slime:1)
  5 draconian monks
  5 revenants
  11 shadow dragons
  12 storm dragons
  A daeva (Abyss:4)
  14 frost giants
  Aizul (Vaults:2)
  12 fire giants
  2 orc warlords
  3 iron dragons
  6 emperor scorpions (Spider:4)
  8 deep elf sorcerers
  22 vault wardens
  A caustic shrike zombie (WizLab)
  A ghost moth (shapeshifter) (Depths:2)
  3 draconian knights
  A cacodemon (Zot:5)
  5 draconian scorchers
  6 ghost moths
  3 curse skulls
  6 deep elf elementalists
  6 draconian annihilators
  8 draconian shifters
  2 draconian stormcallers
  Louise (Shoals:1)
  7 broodmothers
  4 spriggan defenders
  7 ghouls
  A juggernaut skeleton (Crypt:1)
  4 ironbound thunderhulks
  27 stone giants
  3 war gargoyles
  23 ironbound preservers
  15 very ugly things
  7 black draconians
  A caustic shrike skeleton (Crypt:1)
  A quicksilver ooze (Slime:2)
  6 vampire knights
  10 green draconians
  Azrael (D:12)
  A minotaur (Shoals:4)
  8 deep elf annihilators
  4 halazid warlocks (WizLab)
  10 white draconians
  6 entropy weavers
  3 spark wasps
  9 red draconians
  12 yellow draconians
  A lorocyproca (Abyss:4)
  3 deep elf demonologists
  13 dire elephants
  14 purple draconians
  5 eidola
  A crystal guardian (Depths:4)
  33 ettins
  8 deep elf death magi
  12 fire dragons
  A spectral quicksilver dragon (WizLab)
  3 merfolk javelineers
  Josephine (D:11)
  7 jiangshi
  10 merfolk impalers
  6 deep elf high priests
  11 great orbs of eyes
  12 yaktaur captains
  13 rakshasas
  A jorogumo (Spider:2)
  5 caustic shrike simulacra (IceCv)
  43 vault guards
  4 ironbound frosthearts
  A peacekeeper (Vaults:4)
  11 spriggan air magi
  9 hydras
  2 radroaches
  An alligator snapping turtle (Shoals:4)
  12 ice dragons
  4 boulder beetles
  3 catoblepae
  4 ogre magi
  5 two-headed ogres
  18 centaur warriors
  27 dancing weapons
  A death knight (Crypt:3)
  16 satyrs
  12 death yaks
  16 deep troll earth magi
  7 deep troll shamans
  2 merfolk aquamancers
  2 titan zombies (WizLab)
  An orc high priest (Orc:2)
  9 vampire magi
  10 spriggan berserkers
  9 thrashing horrors
  7 hell knights
  5 tengu warriors
  20 deep elf knights
  Urug (D:13)
  Nergalle (D:9)
  2 soul eaters
  2 sun moths (Spider:4)
  8 iron trolls
  8 orb spiders
  A wretched star (Abyss:4)
  2 shadow wraiths
  30 skeletal warriors
  2 steelbarb worms (Spider:3)
  63 deep trolls
  8 pharaoh ants
  An entropy weaver zombie (Crypt:1)
  A spark wasp zombie (D:15)
  10 sea snakes
  An orb spider (shapeshifter) (Vaults:5)
  2 sixfirhies
  7 flayed ghosts
  2 obsidian statues (IceCv)
  5 bog bodies
  2 glowing orange brains
  An orange crystal statue (Zot:5)
  21 deep elf archers
  17 wizards
  21 ironbound convokers
  11 phantasmal warriors
  3 wolf spider zombies (WizLab)
  30 harpies
  8 lindwurms
  A sphinx zombie (D:15)
  A shining eye (Slime:2)
  29 deep elf pyromancers
  8 necromancers
  2 fire giant zombies
  24 deep elf zephyrmancers
  An eleionoma zombie (Crypt:1)
  7 orc sorcerers
  9 orc knights
  12 fauns
  A shadow dragon skeleton (D:15)
  2 worldbinders (Abyss:4)
  A will-o-the-wisp (Abyss:4)
  23 wolf spiders
  19 moths of wrath
  41 ugly things
  9 cyclopes
  15 manticores
  An apocalypse crab (Abyss:4)
  4 elephants (Lair:5)
  An eleionoma skeleton (Crypt:2)
  4 smoke demons (Abyss:4)
  A water nymph (Shoals:4)
  Maurice (Orc:1)
  6 black mambas
  10 merfolk sirens
  A gargoyle (D:14)
  A guardian serpent (shapeshifter) (Vaults:4)
  Joseph (D:9)
  An eye of devastation (Slime:2)
  9 torpor snails
  19 vault sentinels
  17 cane toads
  A kobold demonologist (D:12)
  A white draconian zombie (Crypt:2)
  13 unseen horrors
  A death yak zombie (Crypt:2)
  15 komodo dragons
  5 tengu conjurers
  A green draconian zombie (Crypt:1)
  4 demonic crawlers
  A rime drake (Lair:4)
  A yaktaur (shapeshifter) (Abyss:4)
  30 yaktaurs
  A hellwing (Depths:1)
  An entropy weaver simulacrum (IceCv)
  A death yak skeleton (Crypt:3)
  A golden dragon simulacrum (IceCv)
  8 freezing wraiths
  A guardian mummy (D:15)
  6 meliai
  2 spectral harpies (WizLab)
  4 ancient zymes (Abyss:4)
  28 merfolk
  5 trolls
  4 tyrant leeches (Lair:6)
  2 wind drakes
  28 tarantellas
  8 hornets
  8 blink frogs
  Grinder (D:6)
  12 polar bears
  61 slime creatures
  A raiju (shapeshifter) (D:13)
  3 snapping turtles
  8 dream sheep
  2 ettin zombies
  A snapping turtle (shapeshifter) (Elf:2)
  A slime creature (shapeshifter) (Depths:2)
  15 raiju
  A tarantella zombie (Crypt:2)
  8 flying skulls (WizLab)
  26 jumping spiders
  A centaur simulacrum (D:10)
  A spriggan (shapeshifter) (Depths:2)
  An air elemental (Elf:2)
  Sigmund (D:4)
  24 culicivoras
  3 ynoxinuls
  3 shadows
  52 yaks
  4 wyverns
  3 fire elementals
  A hog (Lair:6)
  14 large abominations
  16 wraiths
  5 basilisks
  A golden eye (shapeshifter) (D:14)
  19 water elementals
  2 neqoxecs
  41 redbacks
  A basilisk (shapeshifter) (Elf:3)
  4 steam dragons
  2 chaos spawn
  5 vampire mosquitoes
  Menkaure (D:5)
  11 wargs
  2 minotaur simulacra (IceCv)
  A two-headed ogre zombie (Crypt:1)
  2 hydra simulacra (IceCv)
  An acid dragon (D:12)
  14 water moccasins
  A floating eye (shapeshifter) (Depths:2)
  Duvessa (D:7)
  16 hell hounds
  29 orc warriors
  3 alligator simulacra (IceCv)
  5 ogres
  3 ettin simulacra (IceCv)
  15 black bears
  An ice beast (D:5)
  4 starcursed masses (Abyss:4)
  27 wolves
  5 necrophages
  5 boggarts (D:14)
  18 centaurs
  A dream sheep skeleton (Crypt:2)
  An octopode zombie (Crypt:1)
  A hog skeleton (Crypt:3)
  2 kobold brigands (D:12)
  Blork the orc (Orc:2)
  10 bullfrogs
  6 earth elementals
  An elf skeleton (Crypt:2)
  A wyvern zombie (Crypt:1)
  8 small abominations
  Dowan (D:7)
  A polar bear zombie (Crypt:3)
  A human simulacrum (Vaults:3)
  A wight (D:8)
  2 howler monkeys
  7 electric eels
  A crimson imp (Abyss:4)
  6 centaur zombies
  A bullfrog zombie (D:6)
  3 hounds
  7 jellies
  15 orc priests
  A black bear zombie (Crypt:2)
  3 gnoll shamans
  Ijyb (D:5)
  5 hell rats (Lair:4)
  Natasha (twice) (D:3)
  6 iguanas
  33 orc wizards
  2 killer bee zombies (D:8)
  A dwarf skeleton (Crypt:2)
  A tengu skeleton (Crypt:1)
  3 howler monkey zombies
  20 gnolls
  2 howler monkey skeletons
  4 adders
  3 white imps
  An ufetubus (Abyss:2)
  A worm (D:3)
  A dart slug (D:1)
  54 orcs
  6 endoplasms
  4 giant cockroaches
  10 hobgoblins
  4 quokkas
  8 ball pythons
  6 bats
  6 frilled lizards
  5 goblins
  A jackal zombie (Crypt:3)
  10 kobolds
  9 rats
  A river rat skeleton (Crypt:3)
  A lurking horror (Abyss:4)
  7 starspawn tentacles (Abyss:4)
  A tentacle (Shoals:2)
2458 creatures vanquished.

Vanquished Creatures (collateral kills)
  An Ice Fiend (Zot:5)
  A stone giant (Vaults:1)
  A deep elf high priest (Vaults:1)
  A shadow demon (Zot:5)
  A deep troll (Vaults:4)
  A large abomination (Zot:5)
6 creatures vanquished.

Vanquished Creatures (others)
  A dread lich (Zot:5)
  A tentacled starspawn (Abyss:4)
  A draconian knight (Zot:3)
  2 humans (Lair:6)
  A chaos spawn (Zot:5)
  An orc wizard (Orc:2)
  An orc (D:6)
  3 ball lightnings (Zot:5)
  4 foxfires (Abyss:4)
  27 fungi
  2 lurking horrors (Abyss:4)
  129 plants
  10 starspawn tentacles
  5 tentacles (Shoals:2)
  44 withered plants
232 creatures vanquished.

Grand Total: 2696 creatures vanquished

Table legend:
 A = Non-vault XP
 B = Vault XP
 C = Vault XP percentage of total XP
 D = Non-vault monster count
 E = Vault monster count
 F = Vault count percentage of total count
                 A         B        C        D         E       F
            +---------+---------+-------+---------+---------+-------
      Total |  732859 |  806492 |  52.4 |    1489 |     962 |  39.2
            +---------+---------+-------+---------+---------+-------
        D:1 |      22 |      11 |  33.3 |      14 |       9 |  39.1
        D:2 |      47 |       1 |   2.1 |      23 |       1 |   4.2
        D:3 |      81 |      35 |  30.2 |      19 |       1 |   5.0
        D:4 |     206 |     223 |  52.0 |      12 |       1 |   7.7
        D:5 |     536 |     303 |  36.1 |      17 |       7 |  29.2
        D:6 |     807 |     272 |  25.2 |      20 |       1 |   4.8
        D:7 |     606 |     286 |  32.1 |      16 |       4 |  20.0
        D:8 |     610 |    1100 |  64.3 |      12 |      10 |  45.5
        D:9 |    2355 |    1205 |  33.8 |      28 |       2 |   6.7
       D:10 |    2653 |       0 |   0.0 |      11 |       0 |   0.0
       D:11 |    4151 |    1732 |  29.4 |      18 |       5 |  21.7
       D:12 |    3982 |    2751 |  40.9 |      27 |       9 |  25.0
       D:13 |    7584 |    4716 |  38.3 |      13 |      10 |  43.5
       D:14 |    9124 |   16665 |  64.6 |      23 |      26 |  53.1
       D:15 |   13986 |    4950 |  26.1 |      29 |       8 |  21.6
     Lair:1 |    5352 |       0 |   0.0 |      24 |       0 |   0.0
     Lair:2 |    3964 |    3219 |  44.8 |      19 |       5 |  20.8
     Lair:3 |   10983 |    2748 |  20.0 |      41 |       8 |  16.3
     Lair:4 |    8952 |    1165 |  11.5 |      34 |       3 |   8.1
     Lair:5 |    9588 |       0 |   0.0 |      24 |       0 |   0.0
     Lair:6 |    6378 |   17358 |  73.1 |      18 |      75 |  80.6
   Shoals:1 |    5740 |    1137 |  16.5 |      13 |       1 |   7.1
   Shoals:2 |   13285 |   14842 |  52.8 |      29 |      14 |  32.6
   Shoals:3 |   19082 |    5844 |  23.4 |      37 |       6 |  14.0
   Shoals:4 |   15726 |   26139 |  62.4 |      29 |      37 |  56.1
   Spider:1 |   17702 |       0 |   0.0 |      49 |       0 |   0.0
   Spider:2 |   24385 |       0 |   0.0 |      59 |       0 |   0.0
   Spider:3 |   13290 |    2381 |  15.2 |      33 |       2 |   5.7
   Spider:4 |   12866 |   21382 |  62.4 |      27 |      31 |  53.4
    Slime:1 |    5915 |       0 |   0.0 |       8 |       0 |   0.0
    Slime:2 |   12621 |       0 |   0.0 |      20 |       0 |   0.0
    Slime:3 |    2675 |       0 |   0.0 |       5 |       0 |   0.0
      Orc:1 |    1950 |     449 |  18.7 |      26 |       1 |   3.7
      Orc:2 |    1457 |   10015 |  87.3 |      15 |      39 |  72.2
      Elf:1 |   16219 |   14037 |  46.4 |      25 |      21 |  45.7
      Elf:2 |   17520 |   20205 |  53.6 |      28 |      26 |  48.1
      Elf:3 |   19719 |   32945 |  62.6 |      36 |      29 |  44.6
   Vaults:1 |   41942 |   29386 |  41.2 |      59 |      40 |  40.4
   Vaults:2 |   35339 |   38771 |  52.3 |      55 |      44 |  44.4
   Vaults:3 |   23850 |   18143 |  43.2 |      37 |      21 |  36.2
   Vaults:4 |   33363 |   53237 |  61.5 |      43 |      49 |  53.3
   Vaults:5 |   15289 |   84970 |  84.8 |      30 |      77 |  72.0
    Crypt:1 |   34876 |    2599 |   6.9 |      50 |       1 |   2.0
    Crypt:2 |   10096 |       0 |   0.0 |      19 |       0 |   0.0
    Crypt:3 |   18308 |    2444 |  11.8 |      31 |       2 |   6.1
   Depths:1 |   27586 |    1211 |   4.2 |      40 |       2 |   4.8
   Depths:2 |       0 |  142709 | 100.0 |       0 |     134 | 100.0
   Depths:3 |   34490 |   13290 |  27.8 |      30 |      14 |  31.8
   Depths:4 |   24256 |   42192 |  63.5 |      25 |      45 |  64.3
      Zot:1 |   47512 |       0 |   0.0 |      41 |       0 |   0.0
      Zot:2 |   28514 |    1562 |   5.2 |      23 |       1 |   4.2
      Zot:3 |   39975 |    2344 |   5.5 |      35 |       2 |   5.4
      Zot:4 |   16581 |   14800 |  47.2 |      14 |      11 |  44.0
      Zot:5 |    8763 |  103690 |  92.2 |       6 |      41 |  87.2
    Abyss:1 |       0 |       0 |   N/A |       2 |       0 |   0.0
    Abyss:2 |       0 |       0 |   N/A |       4 |       0 |   0.0
    Abyss:4 |       0 |       0 |   N/A |      64 |      13 |  16.9
      IceCv |       0 |   10186 | 100.0 |       0 |      24 | 100.0
     WizLab |       0 |   36842 | 100.0 |       0 |      49 | 100.0
            +---------+---------+-------+---------+---------+-------

Illustrated notes

Table legend:
 A = Kills in this place as a percentage of kills in entire the game.
 B = Kills by you in this place as a percentage of kills by you in the entire game.
 C = Kills by friends in this place as a percentage of kills by friends in the entire game.
 D = Other kills in this place as a percentage of other kills in the entire game.
 E = Experience gained in this place as a percentage of experience gained in the entire game.
 F = Experience gained in this place divided by the number of levels of this place that you have seen.
                   A       B       C       D       E      F
               +-------+-------+-------+-------+-------+----------------------
         Total | 100.0 | 100.0 | 100.0 | 100.0 | 100.0 | 22754.5
       Dungeon |  15.3 |  15.3 |   0.0 |  12.5 |   5.2 | 5400.0
          Lair |  10.2 |  10.0 |   0.0 |  43.8 |   4.5 | 11617.8
        Shoals |   6.8 |   6.7 |   0.0 |  12.5 |   6.6 | 25448.8
   Spider Nest |   8.2 |   8.2 |   0.0 |   0.0 |   5.9 | 23001.5
    Slime Pits |   1.3 |   1.4 |   0.0 |   0.0 |   1.4 | 7070.3
  Orcish Mines |   3.3 |   3.3 |   0.0 |   6.2 |   0.9 | 6935.5
   Elven Halls |   6.7 |   6.8 |   0.0 |   0.0 |   7.8 | 40215.0
        Vaults |  18.5 |  18.5 |  50.0 |   6.2 |  24.2 | 74858.0
         Crypt |   4.2 |   4.2 |   0.0 |   0.0 |   4.4 | 22774.3
        Depths |  11.8 |  11.9 |   0.0 |   0.0 |  18.5 | 71433.5
           Zot |   7.4 |   7.3 |  50.0 |  12.5 |  17.6 | 54339.2
         Abyss |   3.4 |   3.4 |   0.0 |   6.2 |   0.0 |   0.0
      Ice Cave |   1.0 |   1.0 |   0.0 |   0.0 |   0.7 | 10186.0
        Wizlab |   2.0 |   2.0 |   0.0 |   0.0 |   2.4 | 36842.0
               +-------+-------+-------+-------+-------+----------------------

Table legend: (Time is in decaauts)
 A = Elapsed time spent in this place.
 B = Non-inter-level travel time spent in this place.
 C = Inter-level travel time spent in this place.
 D = Time resting spent in this place.
 E = Time spent auto-exploring this place.
 F = Levels seen in this place.
 G = Mean time per level.
                   A        B        C        D        E       F      G
               +--------+--------+--------+--------+--------+-----+--------+
         Total |  76075 |  63341 |  12734 |   9254 |  15938 |  68 | 1118.8 |
       Dungeon |  18747 |  14247 |   4500 |   2529 |   5192 |  15 | 1249.8 |
        Temple |    148 |    103 |     45 |      0 |     78 |   1 |  148.0 |
          Lair |   7874 |   6345 |   1529 |    721 |   2732 |   6 | 1312.3 |
        Shoals |   4326 |   3816 |    510 |    265 |    962 |   4 | 1081.5 |
   Spider Nest |   4646 |   4149 |    497 |    567 |    851 |   4 | 1161.5 |
    Slime Pits |    685 |    619 |     66 |    207 |     49 |   3 |  228.3 |
  Orcish Mines |   2482 |   1719 |    763 |    132 |    566 |   2 | 1241.0 |
   Elven Halls |   5048 |   4491 |    557 |    390 |    703 |   3 | 1682.7 |
        Vaults |  11962 |   9875 |   2087 |   1278 |   1891 |   5 | 2392.4 |
         Crypt |   2978 |   2672 |    306 |    351 |    559 |   3 |  992.7 |
        Depths |   7000 |   5782 |   1218 |   1213 |   1208 |   4 | 1750.0 |
           Zot |   7707 |   7055 |    652 |   1325 |   1096 |   5 | 1541.4 |
         Abyss |    905 |    905 |      0 |     72 |      0 |   8 |  113.1 |
        Bazaar |    201 |    201 |      0 |      0 |     20 |   2 |  100.5 |
         Trove |     75 |     75 |      0 |      0 |      0 |   1 |   75.0 |
      Ice Cave |    381 |    381 |      0 |     32 |      0 |   1 |  381.0 |
        Wizlab |    902 |    902 |      0 |    172 |     29 |   1 |  902.0 |
               +--------+--------+--------+--------+--------+-----+--------+

Top non-repeatable levels by time:
Vaults:2: 3157 daAuts
Vaults:1: 3119 daAuts
Depths:4: 2427 daAuts
Depths:2: 2251 daAuts
   Zot:5: 2195 daAuts
   Elf:2: 2135 daAuts
   Zot:1: 2082 daAuts
    D:14: 2002 daAuts
Vaults:3: 1983 daAuts
Vaults:4: 1941 daAuts
     D:9: 1903 daAuts
   Orc:2: 1778 daAuts
Vaults:5: 1761 daAuts
     D:1: 1710 daAuts
   Elf:3: 1539 daAuts
